 Dungeon Crawl Stone Soup version 0.32-a0-42-ga30500b4d3 (webtiles) character file.

Game seed: 8809709456415115359

623118 Ambrosia the Slayer (level 26, -12/357 HPs)
             Began as a Demonspawn Berserker on Feb 1, 2024.
             Was a High Priest of Trog.
             Killed from afar by a black draconian (14 damage)
             ... with a bolt of lightning
             ... on level 1 of the Realm of Zot on Feb 2, 2024.
             The game lasted 04:37:52 (141022 turns).

Ambrosia the Slayer (Demonspawn Berserker)        Turns: 141022, Time: 04:37:52

Health: -12/357    AC: 51    Str: 30    XL:     26   Next: 57%
Magic:  1/23       EV:  9    Int: 10    God:    Trog [*****.]
Gold:   2799       SH: 26    Dex: 17    Spells: 25/25 levels left

rFire   + + +        M - +9 demon trident (spect)
rCold   + + +        f - +2 shield of Resistance {rF++ rC++ Will++}
rNeg    . . .        z - +9 plate armour "Taewn" {Rampage}
rPois   .            j - +2 helmet
rElec   .            N - scarf {rC+ rF+}
rCorr   .            R - +3 Mad Mage's Maulers {Infuse+∞ VampMP -Cast}
SInv    +            (boots unavailable)
Will    ++++.        t - amulet of reflection Stlth
                     u - ring of see invisible {sInv}
HPRegen 0.79/turn    C - ring "Nexusat" {rC+ AC+4 Str+4 Dex-3}
MPRegen 0.18/turn

%: no spellcasting, reflection, rampage, infuse magic (1 MP)
@: mighty, berserking, about to teleport, studying Unarmed Combat, very quick
A: hooves 3, thin skeletal structure 3, icemail 2, condensation shield, demonic
magic 3, corrupting presence 2, strong-willed 1
}: 4/15 runes: decaying, serpentine, slimy, silver
a: Renounce Religion, Berserk, Trog's Hand, Brothers in Arms


You were on level 1 of the Realm of Zot.
You worshipped Trog.
Trog was extremely pleased with you.
You visited 14 branches of the dungeon, and saw 55 of its levels.
You visited 1 bazaar.
You also visited: Gauntlet and Ice Cave.

You collected 9233 gold pieces.
You spent 6434 gold pieces at shops.

Inventory:

Hand Weapons
 L - a +9 vampiric trident
   (You subdued it on level 1 of the Elven Halls)
 M - a +9 spectral demon trident (weapon)
   (You took it off Urug on level 12 of the Dungeon)
 O - the +13 scythe of Curses {drain, curses, ^Drain}
   (You found it on level 5 of the Pits of Slime)

   ^Drain:    It drains your maximum health when unequipped.
Armour
 f - the +2 shield of Resistance (worn) {rF++ rC++ Will++}
   (You bought it in a shop on level 13 of the Dungeon)

   rF++:      It greatly protects you from fire.
   rC++:      It greatly protects you from cold.
   Will++:    It greatly increases your willpower.
 j - a +2 helmet (worn)
   (You took it off Robin on level 2 of the Dungeon)
 p - the +15 Maxwell's patent armour {-Cast -Tele rElec Will+ rCorr}
   (You found it on level 2 of the Dungeon)

   rElec:     It insulates you from electricity.
   Will+:     It increases your willpower.
   -Cast:     It prevents spellcasting.
   -Tele:     It prevents most forms of teleportation.
   rCorr:     It protects you from acid and corrosion.
 z - the +9 plate armour "Taewn" (worn) {Rampage}
   (You took it off a deep elf high priest on level 3 of the Elven Halls)

   Rampage:   It bestows one free step when moving towards enemies.
 N - a scarf of resistance (worn)
   (You found it in an ice cave)
 R - the +3 Mad Mage's Maulers (worn) {Infuse+∞ VampMP -Cast}
   (You found it in a Gauntlet)

   Infuse+∞: It empowers its wearer's blows with all of their magic.
   VampMP:    Blows struck in melee replenish the wearer's magic.
   -Cast:     It prevents spellcasting.
 U - the +4 faerie dragon scales {rF+++ Will- rCorr Str+2 SInv}
   (You took it off the Enchantress on level 2 of the Depths)

   Str+2:     It affects your strength (+2).
   rF+++:     It renders you almost immune to fire.
   Will-:     It decreases your willpower.
   SInv:      It lets you see invisible.
   rCorr:     It protects you from acid and corrosion.
Jewellery
 h - the amulet of the Air {Inacc Air Fly rElec RMsl}
   (You found it on level 2 of the Depths)

   [amulet of nothing]

   Inacc:     It reduces the accuracy of your attacks and spells.
   Air:       It enhances your air magic.
   rElec:     It insulates you from electricity.
   Fly:       It grants you flight.
   RMsl:      It protects you from missiles.
 t - an amulet of reflection (around neck)
   (You found it on level 9 of the Dungeon)
 u - a ring of see invisible (left hand) {sInv}
   (You found it on level 3 of the Snake Pit)
 C - the ring "Nexusat" (right hand) {rC+ AC+4 Str+4 Dex-3}
   (You found it on level 3 of the Crypt)

   [ring of protection]

   AC+4:      It affects your AC (+4).
   Str+4:     It affects your strength (+4).
   Dex-3:     It affects your dexterity (-3).
   rC+:       It protects you from cold.
Wands
 d - a wand of roots (62) (quivered)
   (You found it on level 7 of the Dungeon)
 k - a wand of light (7)
   (You took it off an orc priest on level 7 of the Dungeon)
 n - a wand of flame (113)
   (You found it on level 11 of the Dungeon)
 w - a wand of charming (74)
   (You found it on level 13 of the Dungeon)
 D - a wand of digging (9)
   (You found it on level 3 of the Elven Halls)
 E - a wand of mindburst (35)
   (You found it on level 10 of the Dungeon)
 G - a wand of polymorph (28)
   (You found it on level 2 of the Lair of Beasts)
Scrolls
 a - 7 scrolls of poison {!r}
 b - a scroll of torment {!r!r}
 c - a scroll of revelation
 e - 39 scrolls of identify {@r1}
 i - a scroll of enchant armour
 m - a scroll of brand weapon
 H - 9 scrolls of teleportation {!r!d, @r3}
 Y - 3 scrolls of fear
Potions
 g - 7 potions of lignification {!q}
 l - 10 potions of haste
 q - 10 potions of mutation {!q}
 r - 3 potions of resistance
 s - 5 potions of magic
 A - 10 potions of might
 F - a potion of berserk rage {!q}
 K - 6 potions of curing {@q1, !d}
 V - 3 potions of invisibility
 X - 4 potions of cancellation
Miscellaneous
 y - a condenser vane
   (You found it on level 5 of the Vaults)
 B - the horn of Geryon
   (You took it off Geryon in the Vestibule of Hell)
 I - a phantom mirror
   (You bought it in a shop on level 2 of the Snake Pit)
 J - a phial of floods (inert)
   (You found it on level 15 of the Dungeon)
 P - a lightning rod (4/4)
   (You found it in a Gauntlet)
 T - a sack of spiders
   (You found it on level 3 of the Vaults)


   Skills:
 * Level 26.2 Fighting
 * Level 21.2 Polearms
 * Level 24.1 Armour
 - Level 1.7 Dodging
 + Level 17.7 Shields
 * Level 15.6 Evocations


You had 25 spell levels left.
You didn't know any spells.
Your spell library was empty.

Dungeon Overview and Level Annotations

Branches:
Dungeon (15/15) Zot: 22617  Temple (0/1) D:6            Lair (5/5) D:11 Zot: 20329
  Swamp (4/4) Lair:2 Zot: 11379   Snake (4/4) Lair:2 Zot: 12689   Slime (5/5) Lair:5 Zot: 20522
    Orc (2/2) D:12 Zot: 6461     Elf (3/3) Orc:2 Zot: 7159  Vaults (5/5) D:14 Zot: 12143
  Crypt (3/3) Vaults:2 Zot: 6467    Tomb (1/3) Crypt:3 Zot: 1682  Depths (4/4) D:15 Zot: 5584
   Hell (visited)             Dis (0/7) Hell            Geh (0/7) Hell
    Coc (2/7) Hell Zot: 16047     Tar (0/7) Hell            Zot (1/5) Depths:4 Zot: 3162
  IceCv (visited)         Gauntlet (visited)

Altars:
Fedhas
Gozag
Makhleb
Nemelex Xobeh
Okawaru
Ru
Sif Muna
Uskayaw
Vehumet
Yredelemnul
Jiyva
Lugonu

Shops:
D:13 [   Orc:2 =(=!?   Elf:2 :   Elf:3 :[   Snake:1 [   Snake:2 !*[   Snake:3 *
Vaults:1 !*[   Depths:1 [:(*

Portals:
Hell: Lair:5 Depths:1 Depths:2 Depths:3 Depths:4
Abyss: Zot:1 Depths:3
Pandemonium: Depths:2
Ziggurat: Depths:1


Innate Abilities, Weirdness & Mutations

You have hooves in place of feet.
You have an unnaturally thin skeletal structure. (Dex +6, Stealth+++)
A meltable icy envelope protects you from harm. (AC +8)
A meltable shield of frost defends you. (SH +4)
Spells you cast and wands you use may paralyse nearby enemies.
Your presence sometimes corrodes or deforms those you injure.
You are strong-willed. (Will+)


Message History

You block the sixfirhy's attack. You block the storm dragon's attack. x2
The storm dragon tramples you but does no damage.
You regained 2 mp, and now have 5/23 mp.
Reach: M) +9 demon trident (spect)
Press: ? - help, Dir - move target, f - tentacled monstrosity
Aim: a tentacled monstrosity (moderately wounded, constricting you, misshapen and mutated, about 11% to evade your +9 spectral demon trident)
You completely miss the tentacled monstrosity.
The tentacled monstrosity twists and deforms.
You kick the tentacled monstrosity.
Your +9 spectral demon trident hits the tentacled monstrosity from afar!!
The grasping roots constrict the storm dragon.
The grasping roots constrict the sixfirhy!
The black draconian stormcaller seems to regain its courage.
The black draconian shifter casts a spell.
The black draconian shifter blinks!
A +7 scimitar comes into view.
The storm dragon breathes lightning at you.
The bolt of lightning hits you!
* * * LOW HITPOINT WARNING * * *
You take 11 damage, and have 23/357 hp.
Reach: M) +9 demon trident (spect)
Press: ? - help, Dir - move target, f/p - tentacled monstrosity
Aim: a tentacled monstrosity (heavily wounded, constricting you, misshapen and mutated, about 11% to evade your +9 spectral demon trident)
You impale the tentacled monstrosity!! You kick the tentacled monstrosity!
Your +9 spectral demon trident hits the tentacled monstrosity from afar!!
You kill the tentacled monstrosity!
Trog accepts your kill.
The grasping roots constrict the storm dragon!
The grasping roots constrict the sixfirhy!
You now have 4/23 mp.
Reach: M) +9 demon trident (spect)
Press: ? - help, Dir - move target, f - black draconian stormcaller
Aim: a black draconian stormcaller, wielding a +0 short sword and wearing a +2 cloak (heavily wounded, paralysed, misshapen and mutated, covered in acid, about 2% to evade your +9 spectral demon trident)
The helpless black draconian stormcaller fails to defend itself.
You spit the black draconian stormcaller like a pig!!!
You kill the black draconian stormcaller!
Trog accepts your kill.
Your +9 spectral demon trident disappears.
The grasping roots constrict the storm dragon!
The grasping roots constrict the sixfirhy!
You kill the sixfirhy!
Trog accepts your kill.
The roots release their grip on the storm dragon.
The storm dragon breathes lightning at you.
The bolt of lightning hits you.
* * * LOW HITPOINT WARNING * * *
Your condenser vane has recharged.
You take 6 damage, and have 17/357 hp.
You regained 2 mp, and now have 6/23 mp.
Reach: M) +9 demon trident (spect)
Press: ? - help, Dir - move target, f - storm dragon
Aim: a storm dragon (heavily wounded, catching its breath, misshapen and mutated, about 20% to evade your +9 spectral demon trident)
You barely miss the storm dragon. You kick the storm dragon!
Your +9 spectral demon trident hits the storm dragon!!
The war gargoyle hits your +9 spectral demon trident with a +2 great mace of protection!!
Your spectral weapon shares its damage with you!
Your +9 spectral demon trident disappears.
* * * LOW HITPOINT WARNING * * *
You take 15 damage, and have 2/357 hp.
Reach: M) +9 demon trident (spect)
Press: ? - help, Dir - move target, f/p - storm dragon
Aim: a storm dragon (severely wounded, catching its breath, misshapen and mutated, about 20% to evade your +9 spectral demon trident)
Okay, then.
Reach: M) +9 demon trident (spect)
Press: ? - help, Dir - move target, f/p - storm dragon
Aim: a storm dragon (severely wounded, catching its breath, misshapen and mutated, about 20% to evade your +9 spectral demon trident)
You impale the storm dragon!!
You kill the storm dragon!
Trog accepts your kill.
The storm dragon scales are intact enough to wear.
You now have 2/23 mp.
Reach: M) +9 demon trident (spect)
Press: ? - help, Dir - move target, f - black draconian
Aim: a black draconian, wielding a staff of air and wearing a +0 cloak (about 20% to evade your +9 spectral demon trident)
Okay, then.
Reach: M) +9 demon trident (spect)
Press: ? - help, Dir - move target, f - war gargoyle
Aim: a war gargoyle, wielding a +2 great mace of protection (about 10% to evade your +9 spectral demon trident)
You completely miss the war gargoyle.
You kick the war gargoyle, but do no damage.
Your +9 spectral demon trident hits the war gargoyle but does no damage.
The shock serpent shoots out a bolt of lightning at the black draconian!
The bolt of electricity hits the black draconian.
The black draconian completely resists.
The bolt of electricity hits your +9 spectral demon trident!
Your +9 spectral demon trident resists.
Your spectral weapon shares its damage with you!
* * * LOW HITPOINT WARNING * * *
You take 2 damage, and have 1/357 hp.
Reach: M) +9 demon trident (spect)
Press: ? - help, Dir - move target, f/p - war gargoyle
Aim: a war gargoyle, wielding a +2 great mace of protection (about 10% to evade your +9 spectral demon trident)
You puncture the war gargoyle!
You kick the war gargoyle, but do no damage.
Your +9 spectral demon trident hits the war gargoyle.
You block the war gargoyle's attack.
The black draconian shifter mumbles some strange words.
The black draconian shifter blinks!
The black draconian breathes lightning at you.
The bolt of lightning hits you!
You die...

##....##.....#≈≈≈#......
#....##.....#≈≈≈#.?....
#....##.....#≈≈≈#(.§...
#....##.....#≈§≈#######
#....##.....#≈≈≈≈≈≈≈≈≈≈
#######.....#≈≈≈≈≈≈≈≈≈≈
#.....#≈#########
#.....#≈#.).q....
#.....#≈#@9((....
#.....#≈#.)......
#....S)~d........
#....)~)~..######
#.d####≈####§§§§§ #..#
≈≈# §§§§§§ #..# #≈≈#
§§§§§§ #..#≈#≈≈# §§§§§§
#..#≈#≈≈# §


You could see 2 draconians, a black draconian shifter (misshapen), a shock
serpent (misshapen, corroded, ally target), a war gargoyle, 2 dancing weapons
and a friendly +9 spectral demon trident.

Vanquished Creatures
  the Royal Jelly (Slime:5)
  A dread lich (Vaults:5)
  2 ancient liches (Vaults:5)
  3 royal mummies (Crypt:3 Tomb:1)
  Boris (twice) (Vaults:4 Tomb:1)
  Vashnia (Snake:2)
  Saint Roka (Orc:2)
  A golden dragon (Depths:1)
  the Enchantress (Depths:2)
  A profane servitor (Crypt:3)
  A Tzitzimitl (Depths:1)
  Nikola (Swamp:4)
  A bone dragon (Crypt:3)
  The ghost of Goociwk the Warrior, an adept GrFi of Cheibriados (Crypt:1)
  6 doom hounds (Depths:1 Crypt:1)
  15 tentacled monstrosities (Swamp:3 Depths:3 Vaults:5 Zot:1)
  2 deep elf blademasters (Elf:3)
  8 liches (Depths:2 Crypt:2 Crypt:3)
  Zenata (Vaults:4)
  6 titans (Depths:4 Vaults:5)
  A quicksilver dragon (Vaults:5)
  3 deep elf master archers (Elf:3)
  24 acid blobs (Slime:1 Slime:2 Slime:3 Slime:4 Slime:5)
  Grunn (Crypt:1)
  10 ancient champions (Depths:1 Elf:2 Crypt:1 Crypt:2)
  13 sphinxes (Depths:1 Depths:2 Vaults:1 Vaults:3 Vaults:5)
  A death cob (Zot:1)
  2 thorn hunters (Snake:3)
  Aizul (Elf:2)
  Agnes (Elf:1)
  6 shadow dragons (Depths:4 Vaults:5)
  Donald (Vaults:4)
  3 tengu reavers (Depths:4 Vaults:1 Vaults:5)
  4 storm dragons (Depths:3 Depths:4 Vaults:5 Zot:1)
  13 rockslimes (Slime:3 Slime:2 Slime:5 Slime:4)
  13 azure jellies (Slime:1 Slime:2 Slime:5)
  2 narguns (Coc:1)
  4 fire giants (Depths:1 Depths:2)
  A draconian monk (Zot:1)
  2 revenants (Tomb:1)
  9 nagarajas (Snake:2 Snake:3 Snake:4)
  2 draconian shifters (Depths:4 Zot:1)
  3 draconian scorchers (Depths:4 Zot:1)
  17 vault wardens (Vaults:1 Vaults:2 Vaults:4 Vaults:3 Vaults:5)
  7 deep elf elementalists (Elf:2 Elf:3)
  12 deep elf sorcerers (Vaults:2 Vaults:3 Vaults:5 Elf:1 Elf:2)
  A ghost moth (Zot:1)
  13 frost giants (Depths:1 Depths:2 Depths:3 Depths:4 Vaults:3)
  2 iron dragons (Depths:1 Depths:2)
  4 curse skulls (Elf:2 Crypt:3)
  A balrug (Hell)
  14 ghouls (Swamp:1 Swamp:2 Elf:2 Crypt:1 Crypt:3)
  4 spriggan defenders (Depths:2)
  20 ironbound preservers (Vaults:1 Vaults:2 Vaults:3 Vaults:4 Vaults:5)
  2 reapers (Depths:2 Hell)
  3 draconian stormcallers (Zot:1)
  A juggernaut zombie (Crypt:2)
  12 very ugly things (Depths:1 Depths:3 Depths:4 Vaults:1 Vaults:5)
  An eleionoma (Swamp:4)
  2 orc warlords (Vaults:3)
  26 stone giants (D:15 Depths:1 Depths:2 Depths:3 Depths:4)
  6 formless jellyfish (Vaults:3 Vaults:4 Slime:3)
  6 ironbound thunderhulks (Vaults:1 Vaults:2 Vaults:3 Vaults:4)
  11 quicksilver oozes (Slime:1 Slime:2 Slime:3 Slime:4 Slime:5)
  4 green draconians (Depths:4 Zot:1)
  6 vampire knights (Depths:1 Depths:2 Crypt:1 Crypt:2)
  17 deep elf death magi (Vaults:2 Vaults:5 Elf:2 Crypt:2 Elf:3)
  Nessos (Lair:3)
  2 putrid mouths (Depths:1)
  A wendigo (Coc:1)
  9 deep elf annihilators (Vaults:5 Elf:1 Elf:3)
  6 deep elf demonologists (Elf:3)
  3 black draconians (Zot:1)
  6 bennus (Tomb:1)
  7 bunyips (Swamp:1 Swamp:2 Swamp:3 Swamp:4)
  5 red draconians (Depths:4 Zot:1)
  5 elemental wellsprings (Coc:1)
  6 war gargoyles (Vaults:1 Vaults:4 Vaults:5 Hell)
  2 white draconians (Depths:4 Zot:1)
  A minotaur (Gauntlet)
  5 yellow draconians (Depths:4 Zot:1)
  3 purple draconians (Depths:4 Zot:1)
  10 eidola (Vaults:2 Crypt:3)
  11 dire elephants (Vaults:1 Vaults:2 Vaults:4)
  3 spectral elves (Elf:2)
  7 mummy priests (Tomb:1)
  A green death (Hell)
  2 crystal guardians (Vaults:2)
  11 ettins (Depths:1 Depths:2 Vaults:5)
  13 fire dragons (Swamp:4 Depths:1 Depths:2 Depths:3 Depths:4)
  2 merfolk impalers (Depths:3 Depths:4)
  An elf zombie (Hell)
  Josephine (D:11)
  3 jiangshi (Elf:2 Crypt:1 Crypt:2)
  10 deep elf high priests (Vaults:5 Elf:3)
  13 yaktaur captains (Vaults:2 Vaults:3 Vaults:4 Vaults:5)
  6 great orbs of eyes (Vaults:1 Vaults:2 Vaults:3 Vaults:4 Slime:4)
  38 vault guards (D:14 Vaults:1 Vaults:2 Vaults:4 Vaults:5)
  A hell beast (Depths:1)
  7 ice dragons (Depths:1 Depths:2 Depths:3 Depths:4)
  2 shambling mangroves (Swamp:1)
  4 salamander tyrants (Snake:3 Snake:4 Depths:1)
  7 spriggan zombies (Hell Crypt:1 Crypt:3 Tomb:1)
  2 entropy weavers (Vaults:3 Vaults:4)
  6 ogre magi (D:15 Orc:2 Vaults:5)
  2 peacekeepers (Vaults:2 Vaults:4)
  4 rakshasas (Depths:1 Depths:2 Depths:4)
  6 boulder beetles (D:11 Lair:3 D:12 D:13 D:15)
  3 catoblepae (Lair:5 D:14)
  A sphinx zombie (Depths:1)
  19 hydras (Lair:3 Lair:5 Snake:3 Swamp:2 Swamp:3)
  10 anacondas (Snake:1 Snake:3 Snake:4)
  9 alligators (Snake:3 Swamp:1 Swamp:2 Swamp:4)
  7 centaur warriors (D:14 D:15 Vaults:4)
  5 spriggan air magi (Depths:1 Depths:2 Depths:3)
  4 ironbound frosthearts (Vaults:1 Vaults:2 Vaults:3)
  4 death knights (Crypt:1 Crypt:3)
  29 dancing weapons (Elf:1 Elf:2 Elf:3 Zot:1)
  4 ghost crabs (Swamp:1 Swamp:3)
  26 two-headed ogres (D:10 D:11 D:12 D:13 D:15)
  6 deep troll shamans (Depths:1 Depths:2 Depths:4)
  A two-headed ogre (shapeshifter) (Vaults:5)
  2 vampire magi (Depths:4)
  4 deep troll earth magi (Depths:1 Depths:4)
  4 spriggan berserkers (Depths:1 Depths:3 Depths:4)
  17 naga warriors (Snake:1 Snake:2 Snake:3 Snake:4)
  2 titan zombies (Depths:1 Crypt:3)
  2 orc high priests (Vaults:3)
  Urug (D:12)
  8 naga sharpshooters (Snake:2 Snake:4)
  4 tengu warriors (D:15 Depths:1)
  An occultist (D:10)
  13 shock serpents (Snake:1 Snake:2 Snake:3 Snake:4 Zot:1)
  7 hell knights (Depths:1 Hell)
  3 sun demons (Depths:1 Hell)
  2 skysharks (Lair:4 Lair:5)
  A skyshark (shapeshifter) (Depths:4)
  4 soul eaters (Depths:2 Depths:1)
  A titan skeleton (Crypt:1)
  15 spriggans (Swamp:1 Swamp:2 Swamp:4 Depths:2 Depths:4)
  17 deep elf knights (Elf:1 Elf:2 Elf:3)
  4 iron trolls (Depths:1 Depths:2 Depths:4)
  2 fire crabs (Depths:1)
  A spark wasp zombie (Depths:1)
  A spectral spark wasp (Depths:1)
  A sixfirhy (Zot:1)
  A sea snake (Snake:4)
  2 shadow wraiths (Vaults:5 Crypt:2)
  A shining eye (shapeshifter) (Vaults:5)
  An anaconda zombie (Hell)
  8 arcanists (Lair:5 D:14 D:15 Vaults:1 Vaults:2)
  57 deep trolls (Lair:1 Depths:1 Depths:2 Depths:4 Vaults:1)
  A quicksilver dragon simulacrum (Depths:1)
  9 flayed ghosts (Depths:1 Depths:2 Depths:3 Depths:4 Elf:2)
  23 mana vipers (Snake:1 Snake:2 Snake:3 Snake:4)
  A glowing orange brain (Depths:4)
  4 salamander mystics (Snake:3 Snake:4)
  45 skeletal warriors (D:14 Elf:2 Crypt:1 Crypt:2 Crypt:3)
  2 sun moths (Depths:1)
  7 goliath frogs (Swamp:1 Swamp:2 Swamp:3)
  3 elf simulacra (Elf:2)
  3 spriggan druids (Swamp:1 Swamp:2 Swamp:3)
  A golden dragon skeleton (Crypt:1)
  14 swamp dragons (Lair:2 Snake:3 Swamp:1 Swamp:2 Swamp:3)
  An orange crystal statue (Gauntlet)
  3 bog bodies (Swamp:1 Swamp:2)
  A fenstrider witch simulacrum (Coc:1)
  14 deep elf archers (Elf:1 Elf:2 Elf:3)
  25 phantasmal warriors (Depths:1 Depths:2 Depths:3 Vaults:3 Vaults:5)
  6 naga ritualists (Snake:1 Snake:2 Snake:3 Snake:4)
  A shadow dragon zombie (Crypt:3)
  16 ironbound convokers (Vaults:1 Vaults:2 Vaults:4 Vaults:3 Vaults:5)
  29 deep elf zephyrmancers (Orc:1 Orc:2 Elf:1 Elf:2 Elf:3)
  14 lindwurms (Lair:3 Swamp:3 Swamp:4 Vaults:1 Vaults:3)
  3 orc sorcerers (Orc:1 Orc:2 Vaults:3)
  6 orc knights (D:15 Orc:1 Vaults:3)
  A harpy (shapeshifter) (D:14)
  9 necromancers (IceCv Depths:1 Vaults:1 Vaults:3 Vaults:5)
  An iron dragon zombie (Tomb:1)
  An eye of devastation (shapeshifter) (Vaults:5)
  An orb spider (shapeshifter) (Vaults:5)
  A harpy (Vaults:1)
  26 ugly things (D:8 IceCv D:12 D:13 Depths:1)
  2 alligator zombies (Hell Tomb:1)
  A stone giant zombie (Depths:1)
  8 large abominations (Depths:3)
  11 will-o-the-wisps (Swamp:1 Swamp:3 Swamp:4 Depths:1)
  A faun (shapeshifter) (Depths:2)
  7 cyclopes (D:6 D:10 D:13 D:14 D:15)
  35 deep elf pyromancers (D:12 D:14 Orc:1 Orc:2 Elf:1)
  4 wolf spiders (Vaults:5 Crypt:3)
  5 manticores (D:10 D:11 D:12 D:14)
  4 shining eyes (Slime:3 Slime:4 Slime:5)
  A jorogumo skeleton (Crypt:2)
  24 salamanders (Snake:1 Snake:2 Snake:3 Snake:4)
  A human zombie (Vaults:5)
  2 moths of wrath (Zot:1)
  15 naga magi (Snake:1 Snake:2 Snake:3 Snake:4 Depths:1)
  3 gargoyles (D:12 D:13)
  A dire elephant zombie (Crypt:3)
  A centaur zombie (Crypt:3)
  16 elephants (Lair:3 Lair:5)
  37 black mambas (Lair:4 Lair:3 Lair:5 Snake:1 Snake:2)
  An orc zombie (Crypt:3)
  2 alligator snapping turtle zombies (Crypt:3)
  A frost giant skeleton (Depths:1)
  3 smoke demons (Hell)
  18 vault sentinels (Vaults:1 Vaults:2 Vaults:3 Vaults:4 Vaults:5)
  7 guardian serpents (Snake:4)
  An ice statue (IceCv)
  3 titan simulacra (Hell Coc:1)
  A torpor snail (shapeshifter) (Vaults:5)
  An eye of devastation (Slime:2)
  5 molten gargoyles (Depths:1 Hell)
  Maggie (D:6)
  15 cane toads (Lair:1 Lair:4 Lair:3 Lair:5)
  A cane toad (shapeshifter) (D:14)
  2 orange demons (Lair:5)
  3 unseen horrors (D:12 Depths:3)
  5 rime drakes (Lair:3 Lair:5)
  13 freezing wraiths (IceCv D:14 Crypt:1 Crypt:2 Crypt:3)
  A sea snake zombie (Hell)
  A torpor snail (Lair:3)
  3 kobold demonologists (D:12)
  An orb spider zombie (Crypt:1)
  6 komodo dragons (D:11 Lair:4 Lair:3 Lair:5)
  A steelbarb worm zombie (Crypt:1)
  11 ice devils (IceCv Gauntlet)
  A catoblepas skeleton (Crypt:2)
  26 yaktaurs (Vaults:2 Vaults:3 Vaults:4)
  An anaconda simulacrum (IceCv)
  2 yaktaur skeletons (Vaults:3)
  An alligator snapping turtle skeleton (Tomb:1)
  A human skeleton (Vaults:5)
  A queen bee (Lair:3)
  2 tormentors (Depths:1)
  2 hydra zombies (Crypt:2 Hell)
  A tengu conjurer (Depths:1)
  6 guardian mummies (Crypt:3 Tomb:1)
  A bloated husk (Swamp:1)
  2 harpy zombies (Crypt:1 Tomb:1)
  A hellwing (Lair:5)
  A golden dragon simulacrum (Coc:1)
  8 tyrant leeches (Swamp:1 Swamp:2 Swamp:3 Swamp:4)
  6 trolls (D:10 D:11 D:14 Orc:2)
  The ghost of Sundig the Trooper, an amateur DsFi of Gozag (D:5)
  20 hornets (D:10 Lair:2 Gauntlet Swamp:1 Swamp:2)
  2 hydra skeletons (Hell)
  2 alligator simulacra (Hell)
  A polar bear (Lair:1)
  A tarantella zombie (Crypt:1)
  12 blink frogs (Lair:4 Lair:3 Lair:5)
  An iron dragon simulacrum (Crypt:1)
  2 glass eyes (Depths:2 Slime:5)
  A fire dragon zombie (Crypt:1)
  A harpy skeleton (Tomb:1)
  A dream sheep (Lair:3)
  A jumping spider (Vaults:4)
  142 slime creatures (D:12 D:14 Vaults:1 Vaults:2 Vaults:3)
  3 air elementals (Elf:1)
  Sigmund (D:4)
  10 water elementals (Depths:2 Depths:3 Depths:4 Elf:2 Hell)
  3 ushabtiu (Tomb:1)
  A black mamba zombie (Crypt:3)
  A shadow (Crypt:3)
  3 spriggan skeletons (Depths:1)
  8 wyverns (D:7 D:8 D:9 D:10 Lair:4)
  3 dire elephant simulacra (IceCv)
  A vampire (D:11)
  83 yaks (D:9 D:10 Lair:1 Lair:4 Lair:3)
  6 basilisks (D:11 Lair:1 Lair:2 Lair:5)
  An ettin skeleton (Vaults:3)
  11 wraiths (D:11 Crypt:1 Crypt:2 Crypt:3)
  A black mamba skeleton (Crypt:1)
  A hog (shapeshifter) (Vaults:5)
  An alligator snapping turtle simulacrum (Coc:1)
  2 fire elementals (Swamp:4 Elf:2)
  2 fire bats (Depths:2)
  5 wargs (Orc:1 Orc:2)
  12 golden eyes (Slime:2 Slime:1)
  2 steam dragons (D:7 D:10)
  4 redbacks (Vaults:4 Crypt:3)
  8 vampire mosquitoes (Snake:3 Swamp:1 Swamp:2)
  A chaos spawn (Depths:3)
  Menkaure (D:6)
  A harpy simulacrum (Coc:1)
  A two-headed ogre zombie (Crypt:1)
  4 death yak simulacra (IceCv)
  21 swamp worms (Snake:3 Swamp:1 Swamp:2 Swamp:3 Swamp:4)
  A glowing shapeshifter zombie (Vaults:5)
  4 small abominations (Depths:3)
  Edmund (D:6)
  2 acid dragons (D:9 D:12)
  A two-headed ogre skeleton (Crypt:1)
  43 nagas (Snake:1 Snake:2 Snake:3 Snake:4)
  12 water moccasins (D:6 D:7 Lair:3 Lair:5)
  3 hydra simulacra (IceCv Hell)
  4 hell hounds (Lair:5)
  A naga skeleton (Crypt:1)
  Duvessa (D:4)
  4 swamp drakes (D:11 Swamp:4)
  19 orc warriors (D:7 D:9 D:10 D:12 D:15)
  5 ice beasts (D:4 D:6 D:8)
  A swamp dragon zombie (Crypt:2)
  2 black bears (D:6 D:7)
  19 laughing skulls (Crypt:1 Crypt:2)
  26 ogres (D:3 D:15 Orc:1 Orc:2)
  7 centaurs (D:7 D:8 D:12 D:14)
  4 wolves (Lair:3)
  A torpor snail zombie (Crypt:2)
  A swamp dragon skeleton (Crypt:1)
  3 phantoms (D:3 Crypt:3)
  3 weeping skulls (Elf:2)
  3 kobold brigands (D:7 D:12)
  3 gnoll sergeants (D:7 D:9)
  10 bullfrogs (D:7 D:8 Lair:1 Lair:2 Lair:3)
  A draconian skeleton (Crypt:2)
  A wyvern zombie (Crypt:1)
  15 necrophages (Swamp:1 Swamp:2 Crypt:3)
  5 scorpions (D:4 D:5 D:6 D:7)
  An earth elemental (Elf:3)
  A glowing shapeshifter simulacrum (Depths:1)
  4 cane toad simulacra (IceCv)
  12 wyvern skeletons (Crypt:3)
  25 wights (D:6 D:8 D:9 D:10)
  A polar bear zombie (Crypt:1)
  Dowan (D:4)
  2 elephant simulacra (IceCv)
  46 killer bees (D:6 D:8 D:9 Lair:3)
  A troll skeleton (Crypt:2)
  A raiju skeleton (Crypt:1)
  2 howler monkeys (D:7)
  A bombardier beetle (D:4)
  A lava snake (Depths:1)
  8 jellies (D:4 D:7 D:8 Lair:5)
  4 gnoll boudas (D:5 D:6 D:7)
  6 hounds (D:6 D:7)
  12 orc priests (D:5 D:7 D:10 D:12 Orc:1)
  3 quasits (D:5)
  Crazy Yiuf (D:3)
  2 sleepcaps (D:6 D:7)
  Jessica (D:2)
  Natasha (D:2)
  An iguana (D:6)
  21 orc wizards (D:4 D:6 D:7 D:8 D:9)
  5 polar bear simulacra (IceCv)
  A spriggan simulacrum (IceCv)
  10 hell rats (Lair:4 Depths:1)
  2 troll simulacra (IceCv)
  5 wolf simulacra (IceCv)
  19 mummies (Tomb:1)
  Robin (D:2)
  21 gnolls (D:5 D:6 D:7 D:9)
  15 adders (D:2 D:3 D:4 D:5 D:6)
  2 naga simulacra (IceCv Coc:1)
  2 shadow imps (D:5 D:8)
  7 white imps (D:6 D:8 IceCv Gauntlet)
  An ufetubus (IceCv)
  An adder skeleton (D:3)
  4 dart slugs (D:1 D:5)
  4 ribbon worms (D:2 D:3)
  80 orcs (D:3 D:4 D:5 D:6 D:7)
  An orc (shapeshifter) (Elf:2)
  6 endoplasms (D:1 D:2 D:3)
  6 giant cockroaches (D:1 D:3 D:4)
  16 goblins (D:1 D:2 D:3 D:4)
  10 hobgoblins (D:1 D:2 D:3 D:4 D:7)
  12 jackals (D:1 D:3 D:4)
  25 kobolds (D:1 D:2 D:3 D:4 D:7)
  3 quokkas (D:1 D:2 D:3)
  7 ball pythons (D:1 D:2 D:4)
  2 ball python skeletons (D:3 Crypt:1)
  A ball python zombie (D:3)
  5 bats (D:2 D:3)
  An endoplasm zombie (Crypt:1)
  6 frilled lizards (D:1 D:3)
  A goblin zombie (Crypt:2)
  A quokka zombie (D:3)
  8 rats (D:1 D:2 D:3)
2585 creatures vanquished.

Vanquished Creatures (collateral kills)
  Geryon (Hell)
  A profane servitor (Crypt:3)
  A titan (Coc:1)
  A caustic shrike zombie (Crypt:3)
  A juggernaut zombie (Crypt:3)
  A quicksilver dragon zombie (Crypt:3)
  A blizzard demon (Hell)
  2 vault guards (Vaults:5)
  A spriggan zombie (Crypt:3)
  A hell beast (Lair:5)
  A phantasmal warrior (Crypt:3)
  4 deep trolls (Vaults:5)
  A spriggan simulacrum (Coc:1)
  An ironbound convoker (Vaults:5)
  A dire elephant zombie (Crypt:3)
  A centaur zombie (Crypt:3)
  A molten gargoyle (Hell)
  A smoke demon (Hell)
  An orange demon (Lair:5)
  A freezing wraith (Crypt:3)
  A hellion (Coc:1)
  A guardian mummy (Crypt:3)
  2 red devils (Lair:5)
28 creatures vanquished.

Vanquished Creatures (others)
  2 black draconians (Zot:1)
  A hydra (Swamp:4)
  A swamp dragon (Swamp:4)
  3 bloated husks (Swamp:1 Swamp:3)
  An air elemental (Zot:1)
  A swamp worm (Swamp:3)
  3 swamp drakes (Swamp:4)
  3 orcs (Orc:2 Orc:1)
  26 foxfires (Swamp:1 Swamp:3 Swamp:4)
  A lost soul (Elf:2)
  2 lurking horrors (Zot:1)
  81 spectral weapons (D:14 Snake:1 Snake:2 Snake:4 Swamp:3)
125 creatures vanquished.

Grand Total: 2738 creatures vanquished

Notes
Turn   | Place    | Note
-------+----------+-------------------------------------------
     0 | D:1      | Ambrosia the Demonspawn Berserker began the quest for the
                  | Orb.
     0 | D:1      | Reached XP level 1. HP: 18/18 MP: 1/1
   141 | D:1      | Reached skill level 2 in Armour
   169 | D:1      | Gained mutation: You have a somewhat thin skeletal
                  | structure. (Dex +2, Stealth+) [demonic ancestry]
   169 | D:1      | Reached XP level 2. HP: 24/24 MP: 2/2
   555 | D:1      | Gained mutation: You have large cloven feet. [demonic
                  | ancestry]
   555 | D:1      | Reached XP level 3. HP: 29/29 MP: 3/3
   819 | D:1      | Reached ** piety under Trog
   919 | D:2      | Found a hide-covered altar of Uskayaw.
   970 | D:2      | Reached skill level 3 in Polearms
  1137 | D:2      | Reached skill level 1 in Shields
  1173 | D:2      | Gained mutation: Spells you cast may paralyse adjacent
                  | enemies. [demonic ancestry]
  1173 | D:2      | Reached XP level 4. HP: 34/37 MP: 4/4
  1224 | D:2      | Noticed Natasha
  1224 | D:2      | Noticed Jessica
  1239 | D:2      | Killed Natasha
  1246 | D:2      | Killed Jessica
  1247 | D:2      | Reached skill level 4 in Fighting
  1247 | D:2      | Reached skill level 3 in Armour
  1257 | D:2      | Gained mutation: You have a moderately thin skeletal
                  | structure. (Dex +4, Stealth++) [demonic ancestry]
  1257 | D:2      | Reached XP level 5. HP: 41/42 MP: 5/5
  1303 | D:2      | Noticed Robin
  1320 | D:2      | Killed Robin
  1427 | D:2      | Found the +15 Maxwell's patent armour {-Cast -Tele rElec
                  | Will+ rCorr}
  1738 | D:3      | Noticed a phantom
  1750 | D:3      | Killed a phantom
  1751 | D:3      | Gained mutation: A meltable shield of frost defends you.
                  | (SH +4) [demonic ancestry]
  1751 | D:3      | Reached XP level 6. HP: 49/49 MP: 6/6
  1775 | D:3      | Reached *** piety under Trog
  1785 | D:3      | Reached skill level 2 in Shields
  2030 | D:3      | Found a faded altar of an unknown god.
  2110 | D:3      | Reached skill level 4 in Armour
  2403 | D:3      | Reached skill level 5 in Fighting
  2451 | D:3      | Found a runed translucent door.
  2452 | D:3      | Noticed Crazy Yiuf
  2928 | D:3      | Killed Crazy Yiuf
  3127 | D:4      | Noticed Dowan
  3130 | D:4      | Noticed Duvessa
  3134 | D:4      | Killed Duvessa
  3135 | D:4      | Gained mutation: You have hoof-like feet. [demonic
                  | ancestry]
  3135 | D:4      | Reached XP level 7. HP: 56/56 MP: 7/7
  3139 | D:4      | Killed Dowan
  3184 | D:4      | Noticed Sigmund
  3199 | D:4      | Killed Sigmund
  3200 | D:4      | Reached skill level 4 in Polearms
  3494 | D:4      | Reached skill level 6 in Fighting
  3494 | D:4      | Reached skill level 5 in Armour
  3494 | D:4      | Reached skill level 3 in Shields
  3680 | D:4      | Found a sacrificial altar of Ru.
  3687 | D:4      | Found an iron altar of Okawaru.
  3687 | D:4      | Found a radiant altar of Vehumet.
  3745 | D:4      | Gained mutation: A meltable icy envelope protects you from
                  | harm. (AC +8) [demonic ancestry]
  3745 | D:4      | Reached XP level 8. HP: 64/64 MP: 8/8
  3908 | D:5      | Entered Level 5 of the Dungeon
  4067 | D:5      | Reached **** piety under Trog
  4081 | D:5      | Found a transporter.
  4092 | D:5      | Found a transporter.
  4096 | D:5      | Noticed Sundig's ghost (amateur DsFi)
  5052 | D:5      | Killed Sundig's ghost
  5053 | D:5      | Reached skill level 7 in Fighting
  5053 | D:5      | Reached skill level 6 in Armour
  5163 | D:6      | Reached skill level 5 in Polearms
  5166 | D:6      | Noticed a cyclops
  5180 | D:6      | Reached skill level 4 in Shields
  5180 | D:6      | Reached XP level 9. HP: 72/72 MP: 9/9
  5186 | D:6      | Killed a cyclops
  5190 | D:6      | Reached skill level 8 in Fighting
  5270 | D:6      | Noticed Maggie
  5279 | D:6      | Killed Maggie
  5280 | D:6      | Reached skill level 7 in Armour
  5298 | D:6      | Noticed Menkaure
  5306 | D:6      | Killed Menkaure
  5378 | D:6      | Found a staircase to the Ecumenical Temple.
  5421 | D:6      | Noticed Edmund
  5427 | D:6      | Killed Edmund
  5433 | D:6      | Found a sparkling altar of Nemelex Xobeh.
  5779 | D:6      | Reached skill level 5 in Shields
  5787 | D:6      | Reached skill level 9 in Fighting
  6225 | D:7      | Gained mutation: You have an unnaturally thin skeletal
                  | structure. (Dex +6, Stealth+++) [demonic ancestry]
  6225 | D:7      | Reached XP level 10. HP: 82/83 MP: 10/10
  6234 | D:7      | Reached skill level 8 in Armour
  6321 | D:7      | Reached skill level 6 in Polearms
  6549 | D:7      | HP: 61/124 [orc warrior/+0 battleaxe (7)]
  6791 | D:7      | Reached ***** piety under Trog
  7755 | D:8      | Reached skill level 10 in Fighting
  7855 | D:8      | Reached skill level 9 in Armour
  8017 | D:8      | Received a gift from Trog
  8423 | D:8      | Noticed a purple ugly thing
  8807 | D:8      | Killed a purple ugly thing
  8808 | D:8      | Reached skill level 6 in Shields
  9080 | D:9      | Reached XP level 11. HP: 75/92 MP: 11/11
  9382 | D:9      | Found a shimmering blue altar of Sif Muna.
  9441 | D:9      | Reached skill level 7 in Polearms
 10345 | D:10     | Entered Level 10 of the Dungeon
 10385 | D:10     | Found a basalt altar of Yredelemnul.
 10402 | D:10     | Noticed a two-headed ogre
 10413 | D:10     | Killed a two-headed ogre
 10414 | D:10     | Reached skill level 11 in Fighting
 10606 | D:10     | Reached skill level 10 in Armour
 10865 | D:10     | Found a burning altar of Makhleb.
 10886 | D:10     | Found a blossoming altar of Fedhas.
 10981 | D:10     | Noticed an occultist
 11000 | D:10     | Killed an occultist
 11217 | D:10     | Found an opulent altar of Gozag.
 11875 | D:10     | Noticed a two-headed ogre
 11885 | D:10     | Reached skill level 7 in Shields
 11889 | D:10     | Killed a two-headed ogre
 11900 | D:10     | HP: 38/95 [yak (11)]
 12222 | D:11     | Noticed a two-headed ogre
 12294 | D:11     | Reached skill level 12 in Fighting
 12294 | D:11     | Reached XP level 12. HP: 102/102 MP: 12/12
 12479 | D:11     | Killed a two-headed ogre
 12690 | D:11     | Noticed a two-headed ogre
 12699 | D:11     | Killed a two-headed ogre
 12700 | D:11     | Reached skill level 11 in Armour
 12706 | D:11     | HP: 51/102 [vampire/vampiric draining (12)]
 12885 | D:11     | Noticed Josephine
 12891 | D:11     | Killed Josephine
 12896 | D:11     | Reached skill level 8 in Polearms
 13181 | D:11     | Noticed a boulder beetle
 13210 | D:11     | Killed a boulder beetle
 13220 | D:11     | elongatedgoose: asshole
 13222 | D:11     | Ambrosia: holeass
 13222 | D:11     | Ambrosia: wholeass*
 13235 | D:11     | elongatedgoose: :O
 13292 | D:11     | Ambrosia: wait wtf am I at d11
 13292 | D:11     | Ambrosia: tf am I doing
 13297 | D:11     | elongatedgoose: :P
 13297 | D:11     | Ambrosia: oh
 13297 | D:11     | Ambrosia: lair is here
 13454 | D:11     | Found a staircase to the Lair.
 13465 | D:11     | Ambrosia: yeep
 13465 | D:11     | elongatedgoose: did i mention im a gnoll
 13645 | D:11     | Ambrosia: I sw
 13645 | D:11     | Ambrosia: saw
 13645 | D:11     | Ambrosia: did I mention that
 13645 | D:11     | Ambrosia: WTF
 13645 | D:11     | Ambrosia: ph waot
 13645 | D:11     | Ambrosia: I was like
 13645 | D:11     | Ambrosia: how do I have 40 ac
 13645 | D:11     | Ambrosia: I forgor
 13645 | D:11     | Ambrosia: I got super lucky
 13645 | D:11     | Ambrosia: and look waht I found
 13645 | D:11     | Ambrosia: I know no tele
 13645 | D:11     | elongatedgoose: ew
 13645 | D:11     | Ambrosia: but tehre are more ways to escape without tele
 13645 | D:11     | Ambrosia: you ew
 13645 | D:11     | Ambrosia: suck ur own ass
 13677 | Lair:1   | Entered Level 1 of the Lair of Beasts
 13997 | Lair:1   | Ambrosia: anyways
 13997 | Lair:1   | Ambrosia: yeah
 13997 | Lair:1   | elongatedgoose: so mean
 13997 | Lair:1   | Ambrosia: demonspawn fighter with trog with polearms = op
 14077 | Lair:1   | Ambrosia: especially when u get rift
 14084 | Lair:1   | elongatedgoose: nah
 14094 | Lair:1   | elongatedgoose: pew pew gnoll
 14094 | Lair:1   | Ambrosia: yes
 14094 | Lair:1   | Ambrosia: demon
 14094 | Lair:1   | Ambrosia: demon
 14094 | Lair:1   | Ambrosia: rift is demon
 14094 | Lair:1   | Ambrosia: yesyes
 14122 | Lair:1   | Ambrosia: erm
 14150 | Lair:1   | elongatedgoose: but
 14169 | Lair:1   | elongatedgoose: gnoll pew pew
 14217 | Lair:1   | Identified the +2 spear of Pupp {heavy, rF+ rCorr Str-4}
 14221 | Lair:1   | elongatedgoose: or
 14221 | Lair:1   | Ambrosia: also
 14221 | Lair:1   | Ambrosia: if ur a real gamer
 14221 | Lair:1   | elongatedgoose: spriggan pew pew
 14221 | Lair:1   | Ambrosia: do what I do
 14221 | Lair:1   | elongatedgoose: no
 14221 | Lair:1   | Ambrosia: change ur rc so that
 14221 | Lair:1   | Ambrosia: auto explore is instant
 14221 | Lair:1   | Ambrosia: hey
 14221 | Lair:1   | Ambrosia: particleface does it
 14221 | Lair:1   | Ambrosia: y'know the guy who is currently top 10 on tourny
 14221 | Lair:1   | Ambrosia: my "fren"
 14221 | Lair:1   | Ambrosia: lol
 14357 | Lair:1   | Ambrosia: oh btw
 14357 | Lair:1   | Ambrosia: my bus didn't pick me
 14357 | Lair:1   | Ambrosia: up
 14357 | Lair:1   | Ambrosia: so I'm just vibin here
 14532 | Lair:1   | elongatedgoose: ill play how i play :P
 14538 | Lair:1   | Ambrosia: fine
 14538 | Lair:1   | Ambrosia: meanie
 14549 | Lair:1   | Reached skill level 13 in Fighting
 14697 | Lair:1   | Identified a scroll of acquirement
 14697 | Lair:1   | Ambrosia: YO
 14697 | Lair:1   | Ambrosia: WHAT IS MY FKING LUCK
 14697 | Lair:1   | Acquired a +2 demon trident of electrocution
 14775 | Lair:2   | You are sucked into a shaft and drop 2 floors!
 14776 | Lair:4   | elongatedgoose: L
 14776 | Lair:4   | Ambrosia: BRO
 14776 | Lair:4   | Ambrosia: WHAT
 14776 | Lair:4   | Ambrosia: I JINX IT
 14776 | Lair:4   | Ambrosia: I JUST WENT DOWN
 14776 | Lair:4   | Ambrosia: DIDN't PRESS ANY OTEHR BUTTON
 14776 | Lair:4   | Ambrosia: AND GOT THROWN TO L4
 14776 | Lair:4   | Ambrosia: WTFFFFFFFFFFF
 14776 | Lair:4   | Ambrosia: hey but ice cave
 14776 | Lair:4   | Ambrosia: :)
 14776 | Lair:4   | Ambrosia: FUCK BUT NO REVE
 14785 | Lair:4   | Reached skill level 8 in Shields
 14846 | Lair:4   | Reached skill level 12 in Armour
 14905 | Lair:4   | elongatedgoose: is 2 actions an attack bas?
 14921 | Lair:4   | elongatedgoose: bad*
 15142 | Lair:4   | Reached XP level 13. HP: 71/111 MP: 13/13
 15148 | Lair:4   | Received a gift from Trog
 15201 | Lair:4   | Found a frozen archway.
 15207 | IceCv    | Entered an ice cave
 15208 | IceCv    | Ambrosia: uh oh
 15336 | IceCv    | elongatedgoose: is 2 actions a shot bad?
 15340 | IceCv    | Ambrosia: ...
 15340 | IceCv    | Ambrosia: buddy
 15340 | IceCv    | elongatedgoose: ;-;
 15340 | IceCv    | Ambrosia: that's the fire rate of sniper
 15340 | IceCv    | Ambrosia: like the unrand arte I mean
 15340 | IceCv    | elongatedgoose: ok?
 15340 | IceCv    | Ambrosia: which is suppose to be EXTREMELY slow
 15340 | IceCv    | Ambrosia: cuz y'know, it does like 200 dmg
 15340 | IceCv    | elongatedgoose: heavy handcannon
 15340 | IceCv    | Ambrosia: and ur lil dinky thing
 15340 | IceCv    | Ambrosia: does what
 15340 | IceCv    | Ambrosia: 30-40 dmg?
 15340 | IceCv    | Ambrosia: ur outclassed bud
 15437 | IceCv    | Ambrosia: what armor r u wearing?
 15438 | IceCv    | elongatedgoose: it hits for 69
 15438 | IceCv    | elongatedgoose: steam scales
 15438 | IceCv    | Ambrosia: actually that's good
 15438 | IceCv    | Ambrosia: ooh
 15438 | IceCv    | Ambrosia: alright, alright
 15438 | IceCv    | Ambrosia: I underestimated u
 15438 | IceCv    | Ambrosia: yeah you should be fine
 15439 | IceCv    | elongatedgoose: now i wear troll leather
 15465 | IceCv    | elongatedgoose: i also have kite sheild
 15627 | IceCv    | Ambrosia: no
 15627 | IceCv    | Ambrosia: don't
 15627 | IceCv    | Ambrosia: steam scales better
 15627 | IceCv    | elongatedgoose: nah
 15627 | IceCv    | Ambrosia: and kite shield will heavily slow down ur
                  | firerate
 15669 | IceCv    | elongatedgoose: but the sheild is worth
 15677 | IceCv    | Ambrosia: hey goose
 15677 | IceCv    | Ambrosia: pro tip
 15677 | IceCv    | Ambrosia: you see this strat?
 15677 | IceCv    | elongatedgoose: nope
 15677 | IceCv    | Ambrosia: the single enemy fighting strat
 15677 | IceCv    | Ambrosia: fk u
 15677 | IceCv    | Ambrosia: listen bro
 15677 | IceCv    | Ambrosia: it's op
 15677 | IceCv    | elongatedgoose: hallways is super basic
 15677 | IceCv    | Ambrosia: I used it to murder vaults
 15677 | IceCv    | elongatedgoose: i alredy knew this
 15677 | IceCv    | Ambrosia: yes I know
 15677 | IceCv    | Ambrosia: but did you know *actually* how powerful it is?
 15677 | IceCv    | Ambrosia: except when it's a sprint
 15677 | IceCv    | Ambrosia: fuck |||||||||||||||
 15695 | IceCv    | elongatedgoose: yes i knew how good it is
 15701 | IceCv    | Ambrosia: ok
 15701 | IceCv    | elongatedgoose: ax is better out of it tho
 15701 | IceCv    | Ambrosia: true
 15701 | IceCv    | Ambrosia: and polearms best for it
 15701 | IceCv    | Ambrosia: cuz if tehre is a weak enemy next to you
 15701 | IceCv    | Ambrosia: you can hit a strong enemy that's behind it while
                  | it can't hit u back
 15826 | IceCv    | Found an ancient bone altar of Kikubaaqudgha.
 15827 | IceCv    | elongatedgoose: also
 15830 | IceCv    | elongatedgoose: 8 ac go brr
 15832 | IceCv    | Ambrosia: to
 15832 | IceCv    | Ambrosia: yo?
 15832 | IceCv    | elongatedgoose: i have 8 ac XD
 15832 | IceCv    | elongatedgoose: 24 ev
 15914 | IceCv    | elongatedgoose: what scales are best
 15918 | IceCv    | Reached skill level 9 in Polearms
 15941 | IceCv    | elongatedgoose: shadow right?
 16009 | IceCv    | Ambrosia: depends
 16009 | IceCv    | Ambrosia: but sure
 16009 | IceCv    | elongatedgoose: spec me
 16009 | IceCv    | Ambrosia: can't igott ago
 16009 | IceCv    | Ambrosia: sorry
 16009 | IceCv    | elongatedgoose: L
 16009 | IceCv    | Ambrosia: I'll be bck soon tho
 16009 | IceCv    | Identified the ring "Vuntoena" {rN+ Str+3}
 16968 | Lair:3   | Reached skill level 14 in Fighting
 17199 | Lair:2   | Identified the +0 robe of the Thinker {Int+4}
 17301 | Lair:2   | Found a staircase to the Snake Pit.
 17559 | Lair:2   | Identified the +3 ring mail of Diro {rN+ Dex+2 Stlth+}
 18313 | Lair:2   | Found a staircase to the Swamp.
 18823 | Lair:3   | Reached skill level 13 in Armour
 18961 | Lair:3   | Noticed Nessos
 18972 | Lair:3   | Killed Nessos
 19163 | Lair:3   | Received a gift from Trog
 19224 | Lair:3   | Reached skill level 9 in Shields
 19429 | Lair:3   | Identified the +7 falchion "Waryupni" {chaos, +Blink rPois
                  | Dex+3}
 19956 | Lair:3   | Reached XP level 14. HP: 121/121 MP: 14/14
 20701 | Lair:5   | Entered Level 5 of the Lair of Beasts
 20772 | Lair:5   | Reached skill level 15 in Fighting
 20808 | Lair:5   | Received a gift from Trog
 20842 | Lair:5   | HP: 59/123 [yak (8)]
 20843 | Lair:5   | elongatedgoose: died oon ellven 2
 20846 | Lair:5   | Ambrosia: bruh
 20846 | Lair:5   | Ambrosia: I told you dumbass
 20846 | Lair:5   | elongatedgoose: eerm 1
 20846 | Lair:5   | Ambrosia: don't do elf
 20846 | Lair:5   | HP: 29/123 [poisoned by a water moccasin]
 20847 | Lair:5   | elongatedgoose: you saw my death screen dumbass
 20858 | Lair:5   | HP: 40/123 [yak (4)]
 20863 | Lair:5   | Ambrosia: oh
 20863 | Lair:5   | Ambrosia: OH
 20863 | Lair:5   | Ambrosia: sorry
 20863 | Lair:5   | Ambrosia: mb
 20870 | Lair:5   | elongatedgoose: lmao
 20877 | Lair:5   | HP: 59/123 [elephant (7)]
 20879 | Lair:5   | Ambrosia: almost just died lol
 20879 | Lair:5   | Ambrosia: made it out even w/ maxwell
 21161 | Lair:5   | Reached skill level 10 in Polearms
 21181 | Lair:5   | Reached skill level 14 in Armour
 21589 | Lair:5   | elongatedgoose: LLLLL
 21717 | Lair:5   | elongatedgoose: so the gun is really fun
 21717 | Lair:5   | Ambrosia: what
 21717 | Lair:5   | Ambrosia: yes
 21717 | Lair:5   | Ambrosia: it is
 21790 | Lair:5   | elongatedgoose: P
 21790 | Lair:5   | elongatedgoose: :P
 21790 | Lair:5   | elongatedgoose: :P
 21790 | Lair:5   | elongatedgoose: :P
 21793 | Lair:5   | elongatedgoose: :P
 21799 | Lair:5   | elongatedgoose: :P
 21801 | Lair:5   | elongatedgoose: :P
 21806 | Lair:5   | elongatedgoose: :P
 21812 | Lair:5   | elongatedgoose: :P
 21882 | Lair:5   | elongatedgoose: :P
 21884 | Lair:5   | elongatedgoose: :P
 21884 | Lair:5   | elongatedgoose: :P
 21884 | Lair:5   | elongatedgoose: :P
 21884 | Lair:5   | elongatedgoose: :P
 21887 | Lair:5   | elongatedgoose: :P
 21889 | Lair:5   | elongatedgoose: :P
 21898 | Lair:5   | elongatedgoose: :P:P
 21925 | Lair:5   | elongatedgoose:
                  | :P::P:P:P:P:P:P::P::PPPP:P::P::P:P:::P:P:P:P:P:P:PP:::P:PP:
                  | :P:PP::PP:P::P:P:P:PP::P:PP:P:P:P:P::P:PP::P:PP::P:P:PP::P:
                  | P:P:P:PP:P::P
 22142 | Lair:5   | Found a viscous altar of Jiyva.
 22173 | Lair:5   | Found a staircase to the Slime Pits.
 22364 | Lair:5   | Found a burning altar of Makhleb.
 22377 | Lair:5   | HP: 62/124 [orange demon (6)]
 22383 | Lair:5   | HP: 82/186 [hell hound/blast of flame (1)]
 22391 | Lair:5   | HP: 43/124 [orange demon (6)]
 22401 | Lair:5   | HP: 34/124 [hell hound/blast of flame (2)]
 22407 | Lair:5   | elongatedgoose: gay midget porn
 22410 | Lair:5   | Ambrosia: tf
 22410 | Lair:5   | Ambrosia: hey look
 22410 | Lair:5   | Ambrosia: I made it out
 22410 | Lair:5   | Ambrosia: just had to take off maxwells shit
 22729 | Lair:5   | Ambrosia: lol
 22729 | Lair:5   | Ambrosia: maybe I shouldn't wear this
 22729 | Lair:5   | Ambrosia: before it goes bad
 22729 | Lair:5   | Ambrosia: well
 22729 | Lair:5   | Ambrosia: erm
 22729 | Lair:5   | Ambrosia: if I would've taken that crystal plate armor
                  | before leaving ice cave
 22883 | Swamp:1  | Entered Level 1 of the Swamp
 23049 | Lair:5   | Found a gateway to Hell.
 23057 | Lair:5   | Identified the +2 falchion of the Muttering Gods {speed,
                  | rF+ rC+ Int+3}
 23227 | D:11     | TheSexyCheese: hi buddies
 23227 | D:11     | Ambrosia: cheese
 23227 | D:11     | Ambrosia: I was so close to winning
 23227 | D:11     | Ambrosia: SO CLOSE
 23227 | D:11     | Ambrosia:
                  | https://cbro.berotato.org/morgue/Juni/morgue-Juni-20240201-
                  | 014912.txt
 23227 | D:11     | Ambrosia: got 3 runes and died at zot 1 to a fucking fire
                  | ball
 23227 | D:11     | Ambrosia: all because I was trying to "conserve resources"
 23227 | D:11     | Ambrosia: I could've blinked away
 23227 | D:11     | TheSexyCheese: bruhhhhh
 23227 | D:11     | Ambrosia: but noooooooooooo
 23227 | D:11     | TheSexyCheese: thats awdul
 23227 | D:11     | Ambrosia: that's too FUCKING EXPENSIVE
 23227 | D:11     | TheSexyCheese: like orbs of fire??
 23227 | D:11     | Ambrosia: yes
 23227 | D:11     | Ambrosia: fire ball
 23227 | D:11     | Ambrosia: I mean
 23227 | D:11     | TheSexyCheese: ohhh
 23227 | D:11     | Ambrosia: the one that can for some reason mal mutate
 23227 | D:11     | Ambrosia: funny toh
 23227 | D:11     | Ambrosia: tho
 23227 | D:11     | TheSexyCheese: "those do suck tho, a bunch of sins" -
                  | rudyous
 23227 | D:11     | Ambrosia: rift took me the whole way
 23227 | D:11     | Ambrosia: cuz apparently demonspawn with polearm = op
 23227 | D:11     | Ambrosia: also
 23227 | D:11     | Ambrosia: the 3 runes were
 23227 | D:11     | Ambrosia: shoals, spider, and vaults
 23227 | D:11     | Ambrosia: but I cheesed vaults
 23227 | D:11     | TheSexyCheese: how so
 23227 | D:11     | Ambrosia: I just took the entrance that took to to the
                  | corners and just funneled the enemies killing them one by
                  | one
 23227 | D:11     | Ambrosia: that take syou*
 23227 | D:11     | Ambrosia: not past tense
 23368 | D:12     | Found a staircase to the Orcish Mines.
 23370 | D:12     | Ambrosia: oh also
 23370 | D:12     | Ambrosia: I got lucky with this run
 23370 | D:12     | Ambrosia: look what I found
 23370 | D:12     | Ambrosia: sitting on d2
 23370 | D:12     | Ambrosia: lol
 23370 | D:12     | Ambrosia: not even from acquirement scroll
 23370 | D:12     | Ambrosia: tho -tele sucks
 23370 | D:12     | Ambrosia: had 1 close encounter with -tele
 23370 | D:12     | Ambrosia: we don't talk about that
 23370 | D:12     | TheSexyCheese: it does
 23372 | D:12     | TheSexyCheese: makes you fight everything
 23401 | D:12     | Reached skill level 10 in Shields
 23409 | D:12     | Ambrosia: kinda
 23409 | D:12     | Ambrosia: but u can unequip so
 23416 | D:12     | TheSexyCheese: slowly tho
 23416 | D:12     | Ambrosia: also funny funnel
 23420 | D:12     | TheSexyCheese: gotta be careful
 23552 | D:12     | Reached skill level 16 in Fighting
 23558 | D:12     | Ambrosia: well
 23558 | D:12     | Ambrosia: I would've swapped it for crystal plate
 23558 | D:12     | Ambrosia: problem is
 23558 | D:12     | Ambrosia: I accidentally left it in ice cave :)
 23645 | D:12     | Ambrosia: and the current best armor other than maxwell is
                  | swamp dragon
 23710 | D:12     | Noticed Maurice
 23712 | D:12     | Ambrosia: ew
 23712 | D:12     | Ambrosia: maurice
 23712 | D:12     | Maurice changed into Maurice the unseen horror
 23712 | D:12     | Noticed Maurice
 23716 | D:12     | Killed Maurice the unseen horror
 23791 | D:12     | Gained mutation: A meltable icy envelope protects you from
                  | harm. (AC +8) [demonic ancestry]
 23791 | D:12     | Reached XP level 15. HP: 131/131 MP: 15/15
 23799 | D:12     | Ambrosia: also these demonspawn muts suck absolute ass
 23799 | D:12     | Ambrosia: fking demonic magic
 23955 | D:12     | Noticed Urug
 23967 | D:12     | Killed Urug
 23976 | D:12     | Ambrosia: YO??
 24289 | D:13     | Identified the +6 kite shield of Bimehi {Regen+ Dex+2}
 24304 | D:13     | Found Osenusch's Antique Armour Emporium.
 24349 | D:13     | Found a gate leading to a gauntlet.
 24359 | Gauntlet | Entered a Gauntlet
 24359 | Gauntlet | Found a transporter.
 24369 | Gauntlet | Found a transporter.
 24370 | Gauntlet | Found a transporter.
 24374 | Gauntlet | Found a runed translucent door.
 24384 | Gauntlet | Found a runed translucent door.
 24388 | Gauntlet | Found a transporter.
 24390 | Gauntlet | Found a transporter.
 24404 | Gauntlet | Found a transporter.
 24404 | Gauntlet | Found the +3 Mad Mage's Maulers {Infuse+∞ VampMP -Cast}
 24418 | Gauntlet | Ambrosia: :0
 24418 | Gauntlet | Ambrosia: ;OOOOOOOOOOOOOOOOOOOOOOOOo
 24418 | Gauntlet | Ambrosia: wtf is this run!?!
 24421 | Gauntlet | Found a transporter.
 24430 | Gauntlet | Found a runed translucent gate.
 24431 | Gauntlet | Found a transporter.
 24431 | Gauntlet | Found a runed translucent gate.
 24432 | Gauntlet | Found a runed translucent gate.
 24441 | Gauntlet | Found a runed translucent door.
 24443 | Gauntlet | Found a transporter.
 24445 | Gauntlet | Found a runed translucent door.
 24582 | Gauntlet | Found a transporter.
 24584 | Gauntlet | TheSexyCheese: could be a win idk
 24589 | Gauntlet | Ambrosia: maybe
 24589 | Gauntlet | TheSexyCheese: better not death
 24589 | Gauntlet | Ambrosia: mad mage maulers kinda good tho
 24624 | Gauntlet | Ambrosia: grrrrrrrrrrrrrrr
 24659 | Gauntlet | Ambrosia: ez
 24884 | Gauntlet | Ambrosia: damn --spellcasting
 24884 | Gauntlet | Ambrosia: not just -spellcasting
 24884 | Gauntlet | Ambrosia: now --
 25063 | D:13     | Found a sacrificial altar of Ru.
 25141 | D:13     | Ambrosia: WHAAAAAAAAAAAAAAAAAAAAAAAAAAAAAAAAAAAAAA
 25141 | D:13     | Ambrosia: LOOOOOOOOOOOOOOOOOOOOOOOOL
 25141 | D:13     | TheSexyCheese: shield
 25141 | D:13     | TheSexyCheese: buy
 25141 | D:13     | Ambrosia: HOW MANY FKING UNRANDS AM I GUNNA FIND
 25141 | D:13     | TheSexyCheese: asap
 25141 | D:13     | Ambrosia: yes I know
 25141 | D:13     | Ambrosia: buddy
 25141 | D:13     | Ambrosia: I may appear stupid but I'm not *that* stupid
 25141 | D:13     | TheSexyCheese: alr!!
 25141 | D:13     | Ambrosia: but I also need something other than maxwells
 25141 | D:13     | Ambrosia: :/
 25141 | D:13     | Ambrosia: also I'm still broke rn
 25527 | D:13     | Ambrosia: lol insta kill
 25527 | D:13     | TheSexyCheese: save for the shield
 25527 | D:13     | Ambrosia: bro didn't even have a chance
 25790 | D:13     | Ambrosia: wait
 25790 | D:13     | Ambrosia: cheese
 25790 | D:13     | Ambrosia: since I have mmm
 25790 | D:13     | Ambrosia: or maulers
 25790 | D:13     | Ambrosia: does that mean my spectral trident also uses my
                  | magic?
 25790 | D:13     | Ambrosia: like the spectre of it
 25790 | D:13     | Rudyous: i dont think it does
 25790 | D:13     | Ambrosia: damn it!
 26016 | D:14     | Ambrosia: ehehe
 26174 | D:14     | Ambrosia: I thought it used all my magic?
 26174 | D:14     | Ambrosia: hm
 26174 | D:14     | Ambrosia: I guess just enough to one shot?
 26193 | D:14     | TheSexyCheese: hmm
 26489 | D:14     | Reached skill level 15 in Armour
 26613 | D:14     | TheSexyCheese: it uses part of your mp
 26613 | D:14     | Ambrosia: well I do have magic vamo
 26613 | D:14     | Ambrosia: vamp
 26613 | D:14     | Ambrosia: no
 26613 | D:14     | Ambrosia: "with all of their magic"
 26613 | D:14     | Ambrosia: hmm
 26613 | D:14     | TheSexyCheese: nvm ig
 26613 | D:14     | Ambrosia: interesting
 26795 | D:14     | Rudyous: it prob vamps a ton
 26796 | D:14     | Ambrosia: yea prob
 26796 | D:14     | Ambrosia: what is this man doin here
 26798 | D:14     | Ambrosia: oh vaults entrance
 26798 | D:14     | Ambrosia: nvm
 26898 | D:14     | Found a gate to the Vaults.
 27007 | D:14     | Identified the +7 falchion "Bak Luigoa" {heavy, rF+ rC+}
 27009 | D:14     | Ambrosia: yea
 28465 | D:15     | Entered Level 15 of the Dungeon
 28475 | D:15     | Ambrosia: d15 time babey
 28803 | D:15     | Reached skill level 11 in Polearms
 28806 | D:15     | Ambrosia: I'm not even taking any dmg?
 28806 | D:15     | Ambrosia: well now I just did but
 29348 | D:15     | Rudyous: you dodge/block with your shield prob
 29348 | D:15     | Ambrosia: y'know this may also be a really good run like u
                  | said cheese
 29348 | D:15     | Ambrosia: yea prob
 29348 | D:15     | Ambrosia: this still scary
 29348 | D:15     | TheSexyCheese: first win maybe
 29348 | D:15     | TheSexyCheese: hopefully
 29348 | D:15     | Ambrosia: gotta use more "advanced' methods of escaping, or
                  | at least to give me enough turns to take it off
 29348 | D:15     | Ambrosia: lets not jinx it
 29348 | D:15     | Ambrosia: last run I got close but fucked up
 29348 | D:15     | Ambrosia: this time, no zot until I am lvl 27 after
                  | grinding pan
 29348 | D:15     | Ambrosia: well actually idk
 29348 | D:15     | Ambrosia: you think a lvl 22 could grind pan without any
                  | problems?
 29348 | D:15     | retardedninja: you should find different armour
 29348 | D:15     | Ambrosia: I was wondering that yesterday
 29348 | D:15     | Ambrosia: yeah ik
 29348 | D:15     | Rudyous: uhhhhh
 29348 | D:15     | Rudyous: dont think so
 29348 | D:15     | Ambrosia: wtf is everyone here
 29348 | D:15     | Ambrosia: depends rudy
 29348 | D:15     | Rudyous: it could but you have to be careful and go tos
 29348 | D:15     | Rudyous: also torment
 29348 | D:15     | Ambrosia: tos?
 29348 | D:15     | Rudyous: and damnation
 29348 | D:15     | Ambrosia: what
 29348 | D:15     | Ambrosia: wdym damnation
 29348 | D:15     | Ambrosia: u mean from enemies or
 29348 | D:15     | Rudyous: i mixed up letters
 29348 | D:15     | Rudyous: tso
 29348 | D:15     | Ambrosia: still doesn't hel[
 29348 | D:15     | Ambrosia: help
 29356 | D:15     | Found a staircase to the Depths.
 29546 | D:15     | Rudyous: it gives you holy wrath
 29546 | D:15     | Rudyous: which is amazing
 29546 | D:15     | Ambrosia: well it does help that i Know the best order of
                  | dungeons to follow
 29546 | D:15     | Rudyous: a level 22 would be rough in pan
 29546 | D:15     | TheSexyCheese: id wait on pan
 29546 | D:15     | Ambrosia: you go up to d10, if still no lair then d11, then
                  | completely clear out lair, then finish main dungeon, then
                  | do side dungeons in lair (except slime), then depths 3,
                  | then vaults, etc
 29546 | D:15     | TheSexyCheese: especially with that armor
 29546 | D:15     | Ambrosia: yeah
 29546 | D:15     | Ambrosia: well obviously not rn
 29546 | D:15     | Ambrosia: :/
 29647 | D:15     | TheSexyCheese: and melee build obv
 29651 | D:15     | Ambrosia: oh before lair
 29651 | D:15     | Ambrosia: or side dungeons
 29651 | D:15     | Ambrosia: I mean
 29651 | D:15     | Ambrosia: you do orc
 29651 | D:15     | Ambrosia: at least orc 1
 29651 | D:15     | Ambrosia: but gotta be careful w/ orc 2
 29651 | D:15     | Ambrosia: lsat time I was lucky because there was a
                  | pregenerated funnel lol
 29651 | D:15     | Ambrosia: but sitll
 29651 | D:15     | Ambrosia: those fucking demon summoners
 29651 | D:15     | Ambrosia: grrrr
 29744 | Orc:1    | Entered Level 1 of the Orcish Mines
 30097 | Orc:1    | Ambrosia: LOL
 30127 | Orc:1    | Ambrosia: yay
 30616 | Orc:2    | Entered Level 2 of the Orcish Mines
 30617 | Orc:2    | Noticed Saint Roka
 30618 | Orc:2    | Ambrosia: shit
 30618 | Orc:2    | Ambrosia: I should've saved reve for orc 2
 30618 | Orc:2    | Ambrosia: now I don't know where the hoard is
 30619 | Orc:2    | Ambrosia: I think I found the hoard
 30619 | Orc:2    | Ambrosia: oh shit
 30619 | Orc:2    | Ambrosia: uh oh
 30621 | Orc:2    | TheSexyCheese: smite be careful
 30621 | Orc:2    | TheSexyCheese: scrolls?
 30621 | Orc:2    | Ambrosia: fear
 30621 | Orc:2    | Ambrosia: nah I'm good
 30621 | Orc:2    | TheSexyCheese: yes
 30622 | Orc:2    | TheSexyCheese: you have the maxwells armor and cant escape
 30622 | Orc:2    | TheSexyCheese: be careful
 30622 | Orc:2    | Ambrosia: fuck you mf saint
 30622 | Orc:2    | Ambrosia: ik
 30622 | Orc:2    | Ambrosia: I need to get to an upward stairs
 30622 | Orc:2    | Ambrosia: or find one
 30623 | Orc:2    | retardedninja: ork jesus might kill you
 30640 | Orc:2    | Ambrosia: damn it
 30640 | Orc:2    | Ambrosia: not a good funnel
 30642 | Orc:2    | TheSexyCheese: wands
 30642 | Orc:2    | TheSexyCheese: use them
 30644 | Orc:2    | retardedninja: use lightning rod
 30652 | Orc:2    | Ambrosia: perfect timing
 30652 | Orc:2    | TheSexyCheese: jesus christ
 30668 | Orc:2    | Ambrosia: all according to plan
 30668 | Orc:2    | Ambrosia: totally
 30859 | Orc:2    | Ambrosia: heh
 30859 | Orc:2    | Ambrosia: run.
 30866 | Orc:1    | Reached skill level 17 in Fighting
 30866 | Orc:1    | Received a gift from Trog
 31060 | Orc:1    | Ambrosia: hm
 31060 | Orc:1    | Ambrosia: I don't think I should go back
 31060 | Orc:1    | Ambrosia: also I gott aog
 31060 | Orc:1    | Ambrosia: class change
 31060 | Orc:1    | TheSexyCheese: youll have to fight roka eventually
 31060 | Orc:1    | TheSexyCheese: gold?
 31060 | Orc:1    | Ambrosia: well yea
 31060 | Orc:1    | TheSexyCheese: could buy that shield now?
 31060 | Orc:1    | Ambrosia: oh ye
 31060 | Orc:1    | TheSexyCheese: go
 31146 | D:13     | Bought the +2 shield of Resistance {rF++ rC++ Will++} for
                  | 2115 gold pieces
 31146 | D:13     | Found the +2 shield of Resistance {rF++ rC++ Will++}
 31178 | D:13     | Ambrosia: LOL
 31178 | D:13     | Ambrosia: max
 31178 | D:13     | Ambrosia: go where?
 31178 | D:13     | TheSexyCheese: alr
 31178 | D:13     | Ambrosia: one sec
 31178 | D:13     | TheSexyCheese: lemme see items
 31178 | D:13     | Ambrosia: ok
 31178 | D:13     | Ambrosia: I'm not that stocked
 31178 | D:13     | Ambrosia: and now I'm broke so
 31178 | D:13     | Ambrosia: leaving in like 1 min btw
 31178 | D:13     | Ambrosia: so
 31178 | D:13     | TheSexyCheese: ill be on in a bit after next class so dont
                  | die lol
 31178 | D:13     | Ambrosia: well
 31178 | D:13     | Ambrosia: I'm guessing I don't back to orc 2 yet
 31178 | D:13     | Ambrosia: prob need more stuff
 31178 | D:13     | Ambrosia: that hoard was massive
 31178 | D:13     | Ambrosia: also I prob wanna get rP before snake
 31178 | D:13     | Ambrosia: but snake is definitely before swap
 31178 | D:13     | Ambrosia: swamp
 31178 | D:13     | Ambrosia: swamp is scary af
 31290 | D:11     | Ambrosia: snakes can't turn invisible can they?
 31290 | D:11     | Ambrosia: serpant??
 31290 | D:11     | Ambrosia: fuck u beam
 31290 | D:11     | Rudyous: they cant
 31290 | D:11     | Ambrosia: none of them can?
 31290 | D:11     | Ambrosia: not a single one?
 31290 | D:11     | Rudyous: neither can anything in swamp
 31290 | D:11     | Rudyous: not to my knowledge
 31290 | D:11     | Ambrosia: ight
 31408 | Snake:1  | Entered Level 1 of the Snake Pit
 31411 | Snake:1  | Ambrosia: rP is almost a immunity correct?
 31411 | Snake:1  | Ambrosia: on a ring at least
 31621 | Snake:1  | Ambrosia: nope
 31639 | Snake:1  | Rudyous: its like 50%
 31787 | Snake:1  | Ambrosia: what if I wear 2 rP rings?
 31787 | Snake:1  | Rudyous: you can be poisoned still
 31787 | Snake:1  | Ambrosia: lol
 31788 | Snake:1  | Rudyous: doesnt give more
 31788 | Snake:1  | Ambrosia: damn it
 32036 | Snake:1  | Gained mutation: You have hooves in place of feet. [demonic
                  | ancestry]
 32036 | Snake:1  | Reached XP level 16. HP: 84/141 MP: 2/16
 32174 | Snake:1  | Ambrosia: gtg
 32174 | Snake:1  | Ambrosia: seeya
 32204 | Snake:1  | Found Fec Xantairi's Antique Armour Emporium.
 32423 | Snake:1  | Reached skill level 11 in Shields
 33241 | Snake:2  | Found Riny's Armour Boutique.
 33243 | Snake:2  | Found Cihoci's General Store.
 33245 | Snake:2  | Found Vuwuth's Distillery.
 33253 | Snake:2  | Bought a potion of cancellation for 96 gold pieces
 33274 | Snake:2  | Reached skill level 16 in Armour
 33465 | Snake:2  | Noticed Vashnia
 33482 | Snake:2  | HP: 53/141 [Vashnia/+0 longbow of freezing (18)]
 33490 | Snake:2  | Killed Vashnia
 33496 | Snake:2  | Ambrosia: erm
 33499 | Snake:2  | HP: 60/142 [naga mage/+2 heavy spear (11)]
 33704 | Snake:2  | Ambrosia: that's concerning
 34017 | Snake:2  | Identified the +0 leather armour "Put-Me-On" {Will+ Str+3
                  | SInv}
 34167 | Snake:2  | Received a gift from Trog
 35308 | Snake:3  | Reached skill level 18 in Fighting
 35402 | Snake:3  | Found Weheiq's Assorted Antiques.
 35690 | Snake:3  | Noticed a thorn hunter
 35699 | Snake:3  | Killed a thorn hunter
 36467 | Snake:3  | Reached skill level 12 in Polearms
 36897 | Snake:3  | Reached ****** piety under Trog
 37656 | Snake:3  | Noticed a thorn hunter
 37663 | Snake:3  | Killed a thorn hunter
 37667 | Snake:3  | Reached XP level 17. HP: 151/151 MP: 5/17
 38219 | Snake:4  | Entered Level 4 of the Snake Pit
 38245 | Snake:4  | Reached skill level 17 in Armour
 39199 | Snake:4  | Reached skill level 12 in Shields
 39769 | Snake:4  | Received a gift from Trog
 39817 | Snake:4  | Reached skill level 19 in Fighting
 40036 | Snake:4  | TheSexyCheese: hows it going
 40036 | Snake:4  | elongatedgoose: yoyouypoyo
 40036 | Snake:4  | elongatedgoose: cheese did u follow me?
 40036 | Snake:4  | TheSexyCheese: not yet
 40036 | Snake:4  | elongatedgoose: ;-;
 40036 | Snake:4  | TheSexyCheese: still idle?
 40036 | Snake:4  | TheSexyCheese: goose spec me also
 40036 | Snake:4  | Ambrosia: back
 40152 | Snake:4  | Ambrosia: cheese
 40152 | Snake:4  | Ambrosia: literal cheese
 40152 | Snake:4  | Ambrosia: not u cheese
 40742 | Snake:4  | TheSexyCheese: hit %
 40770 | Snake:4  | Ambrosia: ??
 40770 | Snake:4  | TheSexyCheese: wow
 40770 | Snake:4  | Ambrosia: what
 40770 | Snake:4  | TheSexyCheese: you got this run
 40770 | Snake:4  | Ambrosia: why
 40770 | Snake:4  | Ambrosia: also
 40770 | Snake:4  | Ambrosia: guess
 40770 | Snake:4  | TheSexyCheese: fantastic resists
 40770 | Snake:4  | Ambrosia: guess what
 40770 | Snake:4  | TheSexyCheese: what
 40770 | Snake:4  | Ambrosia: I found ANOTHER unrand
 40770 | Snake:4  | Ambrosia: and a pretty damn good one
 40770 | Snake:4  | Ambrosia: lol
 40770 | Snake:4  | TheSexyCheese: ah frostbite
 40770 | Snake:4  | TheSexyCheese: yea thats a good one
 40770 | Snake:4  | Ambrosia: idk wtf this seed is
 40770 | Snake:4  | TheSexyCheese: i never use it cuz i play caster but in your
                  | case its good
 40770 | Snake:4  | Ambrosia: once I can buy it, do I swap my polearms for it?
 40770 | Snake:4  | Ambrosia: should I
 40880 | Snake:4  | TheSexyCheese: well
 40983 | Snake:4  | TheSexyCheese: depends
 41225 | Snake:4  | TheSexyCheese: youll need high skill in axes
 41380 | Snake:4  | TheSexyCheese: and i check how slow it hits
 41380 | Snake:4  | Ambrosia: cross training
 41380 | Snake:4  | TheSexyCheese: also it uses str and polearms use dex i
                  | believe
 41380 | Snake:4  | Ambrosia: oop
 41380 | Snake:4  | Ambrosia: no
 41380 | Snake:4  | Ambrosia: ur insane
 41380 | Snake:4  | TheSexyCheese: oh dang
 41380 | Snake:4  | TheSexyCheese: nvm then
 41380 | Snake:4  | TheSexyCheese: the use str as well
 41380 | Snake:4  | Ambrosia: if polearms used dex I wouldn't be using them lol
 41380 | Snake:4  | TheSexyCheese: why
 41380 | Snake:4  | TheSexyCheese: try a dex build once
 41380 | Snake:4  | TheSexyCheese: its fun
 41380 | Snake:4  | Ambrosia: bc I'm going for str?
 41380 | Snake:4  | Ambrosia: I have
 41380 | Snake:4  | Ambrosia: ik it is
 41380 | Snake:4  | Ambrosia: still, once axes is like level 10 the delay
                  | wouldprob be around 1
 41380 | Snake:4  | TheSexyCheese: str can be good but be careful of how slow
                  | you attack
 41381 | Snake:4  | Ambrosia: also I am feeling like I should
 41381 | Snake:4  | TheSexyCheese: like finding dark maul, up to like 180 dmg
                  | but takes like 5 turns
 41381 | Snake:4  | Ambrosia: 2.5*
 41524 | Snake:4  | TheSexyCheese: for dark maul?
 41528 | Snake:4  | Ambrosia: ye
 41528 | Snake:4  | TheSexyCheese: thought it was 3-5
 41528 | Snake:4  | Ambrosia: well 3
 41528 | Snake:4  | TheSexyCheese: 4
 41528 | Snake:4  | Ambrosia: idfk
 41538 | Snake:4  | Ambrosia: point is I should prob buy that when I can
 41538 | Snake:4  | TheSexyCheese: it is something to consider once you have
                  | heavier items
 41593 | Snake:4  | TheSexyCheese: what armor you got on
 41599 | Snake:4  | Ambrosia: oh wait
 41599 | Snake:4  | Ambrosia: never mind
 41599 | Snake:4  | Ambrosia: 2 handed
 41599 | Snake:4  | Ambrosia: :/
 41601 | Snake:4  | TheSexyCheese: ohhh that too
 41604 | Snake:4  | TheSexyCheese: yea
 41665 | Snake:4  | TheSexyCheese: youll wanna keep the shield
 41690 | Snake:4  | TheSexyCheese: like the best shield in the game
 42364 | Snake:4  | Got a serpentine rune of Zot
 42552 | Snake:4  | Ambrosia: other than orc mirror
 42552 | Snake:4  | TheSexyCheese: arguable
 42552 | Snake:4  | Ambrosia: and shield of ignorance in terms of shielding
                  | power
 42552 | Snake:4  | TheSexyCheese: well the resists are just better imo,
                  | epsecially for casters
 42552 | Snake:4  | Ambrosia: true
 42554 | Snake:4  | TheSexyCheese: although i typically dont use a shield until
                  | late late game
 42554 | Snake:4  | TheSexyCheese: if i decide to train it
 42554 | Snake:4  | Ambrosia: what does swamp consist of?
 42554 | Snake:4  | Ambrosia: in terms of elements
 42554 | Snake:4  | Ambrosia: like
 42554 | Snake:4  | Ambrosia: poison?
 42554 | Snake:4  | TheSexyCheese: yes
 42554 | Snake:4  | Ambrosia: I forgot
 42554 | Snake:4  | Ambrosia: ok
 42554 | Snake:4  | TheSexyCheese: posion
 42556 | Snake:4  | Ambrosia: no invisible enemies tho right?
 42556 | Snake:4  | TheSexyCheese: like swamp drakes and dragons that spit pois
 42556 | Snake:4  | Ambrosia: true
 42556 | Snake:4  | TheSexyCheese: dont think so
 42556 | Snake:4  | Ambrosia: good
 42556 | Snake:4  | Ambrosia: so
 42556 | Snake:4  | TheSexyCheese: uniques can be bad
 42556 | Snake:4  | Ambrosia: swamp or orc?
 42556 | Snake:4  | Ambrosia: orc is still scary w/ those demons...
 42556 | Snake:4  | TheSexyCheese: usually i get like Mara or Nikoli and the
                  | abyssal chaos one
 42557 | Snake:4  | Ambrosia: the one
 42557 | Snake:4  | Ambrosia: the what*
 42557 | Snake:4  | TheSexyCheese: orc can be dangerous especially with roka
 42557 | Snake:4  | Ambrosia: idk why I type one
 42557 | Snake:4  | Ambrosia: yea
 42557 | Snake:4  | TheSexyCheese: idk the name
 42557 | Snake:4  | TheSexyCheese: but it spawns chaos enemies
 42557 | Snake:4  | Ambrosia: ye
 42557 | Snake:4  | TheSexyCheese: abyssal enemies rather
 42576 | Snake:4  | Ambrosia: we'll test it
 42667 | Snake:4  | Ambrosia: if I feel underleveled I will leave
 42742 | Snake:1  | TheSexyCheese: so you got swamp as the other s branch then
 42856 | Swamp:1  | TheSexyCheese: ah
 42859 | Swamp:1  | Ambrosia: also pretty much no funnels here
 42991 | Swamp:1  | Ambrosia: grr
 43116 | Swamp:1  | Ambrosia: one sec
 43116 | Swamp:1  | TheSexyCheese: be wary of fenstrider witches
 43116 | Swamp:1  | TheSexyCheese: they are hell
 43116 | Swamp:1  | TheSexyCheese: can be anyway
 43116 | Swamp:1  | Ambrosia: fenstrider??
 43116 | Swamp:1  | beem: A witch that walks on chicken legs! Found in Swamp
                  | since 0.26, where it casts {paralyze}, melee-range {agony},
                  | and {hurle sludge}.
 43163 | Swamp:1  | Reached skill level 13 in Polearms
 43465 | Swamp:1  | Identified the +7 trident of the New World {flame, rF+}
                  | (Trog gifted it to you on level 1 of the Swamp)
 43465 | Swamp:1  | Received a gift from Trog
 43557 | Swamp:1  | Identified the +11 whip of the Warrior-Mage {drain, *Slow
                  | rCorr MP+9 Dex+8}
 43577 | Swamp:1  | Ambrosia: lol
 43578 | Swamp:1  | TheSexyCheese: plan for hydras?
 43701 | Swamp:1  | Ambrosia: hm
 43701 | Swamp:1  | Ambrosia: idk
 43701 | Swamp:1  | TheSexyCheese: wands?
 43701 | Swamp:1  | Ambrosia: I don't remember there being that many
 43701 | Swamp:1  | TheSexyCheese: there can be
 43701 | Swamp:1  | Ambrosia: yea
 43701 | Swamp:1  | Ambrosia: hm
 43796 | Swamp:1  | TheSexyCheese: especially final level if you have the hydra
                  | boss
 43796 | Swamp:1  | TheSexyCheese: also do you have phant mirror
 43796 | Swamp:1  | Ambrosia: tbh hydra boss easier than horde of dragons
 43796 | Swamp:1  | Ambrosia: no but there is one in a shop
 43796 | Swamp:1  | TheSexyCheese: get
 43796 | Swamp:1  | Ambrosia: but armor
 43796 | Swamp:1  | TheSexyCheese: only 560 go buy it
 43796 | Swamp:1  | Ambrosia: fine
 43909 | Snake:2  | Bought a phantom mirror for 560 gold pieces
 43980 | Swamp:1  | TheSexyCheese: it is a lifesaver for the 27 headed hydra
                  | and is useful
 43980 | Swamp:1  | TheSexyCheese: that thing deals like 400 dmg
 43980 | Swamp:1  | Ambrosia: twenty. seven?
 43980 | Swamp:1  | TheSexyCheese: hydra yea
 43980 | Swamp:1  | Ambrosia: w h a
 43980 | Swamp:1  | Ambrosia: maybe dragons are easier
 43980 | Swamp:1  | TheSexyCheese: theres a 27 headed hydra boss you may
                  | encounter here
 43980 | Swamp:1  | Ambrosia: considering I have resisting
 43980 | Swamp:1  | TheSexyCheese: on level 4
 44082 | Swamp:1  | TheSexyCheese: each head deals like 18 dmg
 44530 | Swamp:1  | TheSexyCheese: the mirror insta kills it if successful
 44530 | Swamp:1  | Ambrosia: mirror is always successful?
 44793 | Swamp:2  | Gained mutation: Your presence sometimes corrodes those you
                  | injure. [demonic ancestry]
 44793 | Swamp:2  | Reached XP level 18. HP: 138/161 MP: 0/18
 44912 | Swamp:1  | TheSexyCheese: well if the summon gets close enough to the
                  | hydra
 45018 | Swamp:1  | TheSexyCheese: sometimes the hydra gets away from it and
                  | its useless
 45018 | Swamp:1  | Ambrosia: ah
 45018 | Swamp:1  | Ambrosia: hmm
 45018 | Swamp:1  | Ambrosia: but what if I polymorph the 27 headed
 45018 | Swamp:1  | TheSexyCheese: is everything ID'd
 45018 | Swamp:1  | Ambrosia: wdym ID'd?
 45018 | Swamp:1  | Ambrosia: inscribed?
 45018 | Swamp:1  | TheSexyCheese: items
 45018 | Swamp:1  | TheSexyCheese: identify
 45018 | Swamp:1  | Ambrosia: yes
 45018 | Swamp:1  | TheSexyCheese: id the rest of your stuff
 45018 | Swamp:1  | Ambrosia: obviously
 45018 | Swamp:1  | Ambrosia: what
 45018 | Swamp:1  | TheSexyCheese: you got unkown scrolls or potions i think
 45018 | Swamp:1  | TheSexyCheese: lemme see
 45018 | Swamp:1  | Ambrosia: no?
 45018 | Swamp:1  | TheSexyCheese: oh nvm
 45018 | Swamp:1  | Ambrosia: lol
 45018 | Swamp:1  | TheSexyCheese: the color threw me off
 45018 | Swamp:1  | Ambrosia: ah
 45018 | Swamp:1  | Ambrosia: makes sense
 45018 | Swamp:1  | TheSexyCheese: your colors are weird
 45024 | Swamp:1  | Reached skill level 18 in Armour
 45272 | Swamp:2  | TheSexyCheese: at a quick glance they look unknown
 45285 | Swamp:2  | Ambrosia: ah
 45831 | Swamp:3  | Noticed a tentacled monstrosity
 45834 | Swamp:2  | Ambrosia: yeah
 45834 | Swamp:2  | Ambrosia: 5x bite
 45834 | Swamp:2  | Ambrosia: damn
 45909 | Swamp:2  | Ambrosia: :o
 45909 | Swamp:2  | TheSexyCheese: its possibe you are at the point were you
                  | can just deal enough dmg to kill them
 45909 | Swamp:2  | Ambrosia: wait
 45909 | Swamp:2  | Ambrosia: cheese
 45909 | Swamp:2  | TheSexyCheese: yea
 45909 | Swamp:2  | Ambrosia: if I have max magic
 45909 | Swamp:2  | Ambrosia: I could one shot it
 45909 | Swamp:2  | TheSexyCheese: could
 45909 | Swamp:2  | TheSexyCheese: gotta be careful
 45909 | Swamp:2  | TheSexyCheese: but yea
 45909 | Swamp:2  | Ambrosia: yea
 45909 | Swamp:2  | elongatedgoose: hi
 45909 | Swamp:2  | Ambrosia: cuz if I miss
 45909 | Swamp:2  | Ambrosia: I'd die
 45909 | Swamp:2  | TheSexyCheese: yes
 45909 | Swamp:2  | Ambrosia: If I do
 45909 | Swamp:2  | elongatedgoose: what do yall think abt the texas border
                  | thing
 45909 | Swamp:2  | TheSexyCheese: you got blink/tele
 45909 | Swamp:2  | TheSexyCheese: ?
 45909 | Swamp:2  | Ambrosia: i'd try to paralyze first
 45909 | Swamp:2  | Ambrosia: yes
 45909 | Swamp:2  | Ambrosia: but maxwells
 45909 | Swamp:2  | TheSexyCheese: how many
 45909 | Swamp:2  | TheSexyCheese: alr
 45909 | Swamp:2  | Ambrosia: well not blink
 45909 | Swamp:2  | Ambrosia: but
 45909 | Swamp:2  | Ambrosia: 8 tele
 45909 | Swamp:2  | Ambrosia: but 2 butterflies
 45909 | Swamp:2  | TheSexyCheese: those are helpful
 45909 | Swamp:2  | Ambrosia: yea
 45909 | Swamp:2  | Ambrosia: especially for a hydra
 45909 | Swamp:2  | Ambrosia: which doesn't have long range attack
 45909 | Swamp:2  | elongatedgoose: i think border security is very important
 45909 | Swamp:2  | TheSexyCheese: which what
 45909 | Swamp:2  | TheSexyCheese: it is goose
 45909 | Swamp:2  | TheSexyCheese: very
 45909 | Swamp:2  | Ambrosia: afk rq
 45909 | Swamp:2  | elongatedgoose: yes
 45909 | Swamp:2  | elongatedgoose: fuck biden
 45909 | Swamp:2  | TheSexyCheese: INDEED
 45909 | Swamp:2  | TheSexyCheese: stand with texas bruh
 45909 | Swamp:2  | elongatedgoose: ong
 45909 | Swamp:2  | TheSexyCheese: hey
 45909 | Swamp:2  | elongatedgoose: how is it even a question
 45909 | Swamp:2  | TheSexyCheese: wanna go to texas
 45909 | Swamp:2  | elongatedgoose: like
 45909 | Swamp:2  | elongatedgoose: border
 45909 | Swamp:2  | TheSexyCheese: exactly
 45909 | Swamp:2  | elongatedgoose: keep us here to keep us functional
 45909 | Swamp:2  | elongatedgoose: u want in
 45909 | Swamp:2  | TheSexyCheese: crime pouring in is no it bro
 45909 | Swamp:2  | elongatedgoose: do the legaal process
 45909 | Swamp:2  | TheSexyCheese: have you followed any politics
 45909 | Swamp:2  | TheSexyCheese: like the republican presidential campaigns
                  | an dstuff
 45909 | Swamp:2  | elongatedgoose: a lil
 45909 | Swamp:2  | TheSexyCheese: trump gonna win again
 45909 | Swamp:2  | elongatedgoose: fs
 45909 | Swamp:2  | elongatedgoose: ppl who vote biden just dont whanna vote
                  | trump
 45909 | Swamp:2  | TheSexyCheese: hes leading in the polls for republicans and
                  | all but one pulled out and endprsed him
 45909 | Swamp:2  | TheSexyCheese: exactly
 45909 | Swamp:2  | elongatedgoose: mhmmm
 45909 | Swamp:2  | TheSexyCheese: sadly ill be a 2 months shy of being able to
                  | vote this year
 45909 | Swamp:2  | Ambrosia: back for like half a sec; wtf is happening
 45909 | Swamp:2  | elongatedgoose: i could but wont
 45909 | Swamp:2  | TheSexyCheese: POLITICS REXY
 45909 | Swamp:2  | Ambrosia: nvm I'm not questioning it
 45909 | Swamp:2  | Ambrosia: a
 45909 | Swamp:2  | TheSexyCheese: BORDER CRISIS
 45909 | Swamp:2  | TheSexyCheese: lol
 45909 | Swamp:2  | Ambrosia: a
 45909 | Swamp:2  | elongatedgoose: texas W
 45909 | Swamp:2  | TheSexyCheese: ^^
 45909 | Swamp:2  | Ambrosia: ok afk again
 45909 | Swamp:2  | Ambrosia: cuz workie
 45909 | Swamp:2  | elongatedgoose: L
 45909 | Swamp:2  | elongatedgoose: trump waas a goat ngl
 45909 | Swamp:2  | TheSexyCheese: ima have to go in a few but ill be on in
                  | about an hour (after lunch)
 45909 | Swamp:2  | TheSexyCheese: cya
 45909 | Swamp:2  | elongatedgoose: ill dip soon too
 45909 | Swamp:2  | Ambrosia: hey goose
 46180 | Swamp:3  | Killed a tentacled monstrosity
 48243 | Swamp:4  | Entered Level 4 of the Swamp
 49286 | Swamp:3  | Reached skill level 20 in Fighting
 51149 | Swamp:4  | Identified the +8 spear "Domierak" {heavy, rElec rPois}
                  | (Trog gifted it to you on level 4 of the Swamp)
 51149 | Swamp:4  | Received a gift from Trog
 54705 | Swamp:4  | Noticed Nikola
 54732 | Swamp:4  | Killed Nikola
 54741 | Swamp:4  | Reached skill level 13 in Shields
 55195 | Swamp:4  | Got a decaying rune of Zot
 56797 | Orc:1    | Reached skill level 14 in Polearms
 58327 | Orc:2    | Received a gift from Trog
 58752 | Orc:2    | Found Logaj's Jewellery Boutique.
 58752 | Orc:2    | Found Soinn's Magic Scroll Emporium.
 58752 | Orc:2    | Found Erchoomi's Weapon Shoppe.
 58752 | Orc:2    | Found Seewno Mocao's Distillery.
 58781 | Orc:2    | Killed Saint Roka
 58995 | Orc:2    | Reached XP level 19. HP: 167/170 MP: 2/19
 59333 | Orc:2    | Bought a +6 ring of strength for 468 gold pieces
 59398 | Orc:2    | Found Fakirah's Jewellery Boutique.
 59398 | Orc:2    | Found a staircase to the Elven Halls.
 59641 | Orc:2    | Gained mutation: Your body sometimes deteriorates upon
                  | taking damage. [potion of mutation]
 59641 | Orc:2    | Gained mutation: You are somewhat resistant to further
                  | mutation. [potion of mutation]
 59643 | Orc:2    | Lost mutation: You are somewhat resistant to further
                  | mutation. [potion of mutation]
 59643 | Orc:2    | Lost mutation: Your body sometimes deteriorates upon taking
                  | damage. [potion of mutation]
 59643 | Orc:2    | Gained mutation: You are clumsy. (Dex -2) [potion of
                  | mutation]
 59644 | Orc:2    | Lost mutation: You are clumsy. (Dex -2) [potion of
                  | mutation]
 59644 | Orc:2    | Gained mutation: You are somewhat resistant to further
                  | mutation. [potion of mutation]
 59645 | Orc:2    | Lost mutation: You are somewhat resistant to further
                  | mutation. [potion of mutation]
 59645 | Orc:2    | Gained mutation: Your system is resistant to poisons.
                  | (rPois) [potion of mutation]
 59645 | Orc:2    | Gained mutation: You are agile. (Dex +4, Str/Int -1)
                  | [potion of mutation]
 59646 | Orc:2    | Lost mutation: You are agile. (Dex +4, Str/Int -1) [potion
                  | of mutation]
 59646 | Orc:2    | Lost mutation: Your system is resistant to poisons. (rPois)
                  | [potion of mutation]
 59646 | Orc:2    | Gained mutation: You are frail. (-10% HP) [potion of
                  | mutation]
 59646 | Orc:2    | Gained mutation: You are agile. (Dex +4, Str/Int -1)
                  | [potion of mutation]
 59646 | Orc:2    | Gained mutation: You occasionally lose the ability to read
                  | scrolls when taking damage. [potion of mutation]
 59647 | Orc:2    | Lost mutation: You are agile. (Dex +4, Str/Int -1) [potion
                  | of mutation]
 59647 | Orc:2    | Lost mutation: You are frail. (-10% HP) [potion of
                  | mutation]
 59647 | Orc:2    | Lost mutation: You occasionally lose the ability to read
                  | scrolls when taking damage. [potion of mutation]
 59647 | Orc:2    | Gained mutation: You passively map a small area around you.
                  | [potion of mutation]
 59647 | Orc:2    | Gained mutation: Your system is resistant to poisons.
                  | (rPois) [potion of mutation]
 59687 | Orc:2    | Bought a potion of heal wounds for 60 gold pieces
 59687 | Orc:2    | Bought a potion of curing for 36 gold pieces
 59687 | Orc:2    | Bought a potion of curing for 36 gold pieces
 59688 | Orc:2    | Bought a scroll of teleportation for 42 gold pieces
 59688 | Orc:2    | Bought a scroll of teleportation for 42 gold pieces
 59688 | Orc:2    | Bought a scroll of enchant armour for 105 gold pieces
 59829 | Depths:1 | Entered Level 1 of the Depths
 60400 | Depths:1 | Reached skill level 19 in Armour
 60528 | Depths:1 | Noticed a golden dragon
 60535 | Depths:1 | Killed a golden dragon
 60535 | Depths:1 | Received a gift from Trog
 62727 | Depths:1 | Found Ejei's Armour Emporium.
 62730 | Depths:1 | Found Nur Souf's Weapon Shoppe.
 62730 | Depths:1 | Found Faop's Book Emporium.
 62733 | Depths:1 | Found Pimav's General Store.
 63115 | Depths:1 | Reached skill level 21 in Fighting
 63591 | Depths:1 | Ambrosia: ego??
 63591 | Depths:1 | beem: Weapons and armours with the "+x foo of barring"
                  | nature. Term from Angband. E.g. boots of running, war axe
                  | of electrocution. Also refers to the 'of running' part, eg
                  | 'of running' is an armour ego.
 64477 | Depths:1 | Found a one-way gateway to a ziggurat.
 64502 | Depths:1 | Reached skill level 15 in Polearms
 64891 | Depths:1 | Glimpsed the power of Zot.
 65885 | Depths:2 | Noticed the Enchantress
 65887 | Depths:2 | SpyderV: ur back on this acc?
 65887 | Depths:2 | Ambrosia: yes
 65887 | Depths:2 | Ambrosia: hey
 65887 | Depths:2 | Ambrosia: you remember that run
 65887 | Depths:2 | SpyderV: what happened to juni
 65887 | Depths:2 | Ambrosia: I had awhile back
 65887 | Depths:2 | SpyderV: yea
 65887 | Depths:2 | Ambrosia: the one where I died in depths
 65887 | Depths:2 | Ambrosia: I was a tengu
 65887 | Depths:2 | SpyderV: i accidentally died in my run btw :/
 65887 | Depths:2 | Ambrosia: something
 65887 | Depths:2 | Ambrosia: damn
 65887 | Depths:2 | Ambrosia: well
 65887 | Depths:2 | SpyderV: i think
 65887 | Depths:2 | Ambrosia: guess what
 65887 | Depths:2 | Ambrosia: you know who killed that run?
 65887 | Depths:2 | SpyderV: ho
 65887 | Depths:2 | SpyderV: whho
 65887 | Depths:2 | Ambrosia: this mf
 65887 | Depths:2 | Ambrosia: bc of this
 65887 | Depths:2 | Ambrosia: now
 65887 | Depths:2 | Ambrosia: I don't think I'm really in danger cuz I already
                  | have -tele
 65887 | Depths:2 | Ambrosia: and also I'm in a natural funnel
 65887 | Depths:2 | SpyderV: ?
 65887 | Depths:2 | Ambrosia: but strip willpower is scary
 65887 | Depths:2 | Ambrosia: cuz then I could be confused
 65887 | Depths:2 | Ambrosia: funnel
 65887 | Depths:2 | SpyderV: sh
 65887 | Depths:2 | Ambrosia: kill enemies one by one
 65887 | Depths:2 | SpyderV: ah
 65887 | Depths:2 | Ambrosia: but I wanna show cheese and goose
 65887 | Depths:2 | Ambrosia: lol
 65887 | Depths:2 | Ambrosia: so I'm not moving
 65887 | Depths:2 | SpyderV: :/
 65887 | Depths:2 | SpyderV: didnt mean to leace
 65887 | Depths:2 | Ambrosia: lol
 65887 | Depths:2 | Ambrosia: :o
 65887 | Depths:2 | Ambrosia: yay
 65887 | Depths:2 | Ambrosia: nice mut
 65887 | Depths:2 | Ambrosia: oh also
 65887 | Depths:2 | Ambrosia: spuder
 65887 | Depths:2 | Ambrosia: spyder
 65887 | Depths:2 | Ambrosia: oh hi rudy
 65887 | Depths:2 | Rudyous: ello
 65887 | Depths:2 | Ambrosia: there was a really weird glitch
 65887 | Depths:2 | Ambrosia: where it said that zot was at 600
 65887 | Depths:2 | Ambrosia: in depths
 65887 | Depths:2 | Ambrosia: then I leave and come back and it fixes
 65887 | Depths:2 | Ambrosia: lol
 65887 | Depths:2 | Rudyous: weird
 65887 | Depths:2 | Ambrosia: so
 65887 | Depths:2 | Ambrosia: rudy
 65887 | Depths:2 | Ambrosia: I had a run awhile ago
 65887 | Depths:2 | Ambrosia: a tengu something
 65887 | Depths:2 | Ambrosia: I was dodgy tho
 65887 | Depths:2 | Ambrosia: anyways
 65887 | Depths:2 | Ambrosia: It ended because of that mf
 65887 | Depths:2 | Ambrosia: this little bitch
 65887 | Depths:2 | Rudyous: enchantress? she can be scary
 65887 | Depths:2 | Ambrosia: those spells-
 65887 | Depths:2 | Ambrosia: especially this
 65887 | Depths:2 | Ambrosia: which doesn't matter to me anyways cuz maxwell
                  | armor
 65887 | Depths:2 | Ambrosia: but
 65887 | Depths:2 | Ambrosia: this now
 65887 | Depths:2 | Ambrosia: erm
 65887 | Depths:2 | Ambrosia: ye
 65887 | Depths:2 | Ambrosia: luckily tho I am in a funnel
 65887 | Depths:2 | Ambrosia: so
 65887 | Depths:2 | Rudyous: yeah its a pretty hard willpower check
 65887 | Depths:2 | Ambrosia: shouldn't be too bad
 65887 | Depths:2 | Ambrosia: anyways I'm just gunna sit here cuz I'm trying to
                  | "focus" in class and also wait for cheese/goose
 65887 | Depths:2 | Ambrosia: just cuz y'know
 65887 | Depths:2 | Ambrosia: I wanna prove I died to an enemy that does
                  | actually exist
 65887 | Depths:2 | Rudyous: i can tell cheese later, but showing him would
                  | prob be better
 65887 | Depths:2 | Ambrosia: ye
 65887 | Depths:2 | Ambrosia: also that guy in the front with the quick blade
                  | is looking at me weird
 65887 | Depths:2 | Ambrosia: by guy I mean a fking spriggian
 65887 | Depths:2 | Ambrosia: wait
 65887 | Depths:2 | Ambrosia: is she wearing the dragon cloak??
 65887 | Depths:2 | Rudyous: no
 65887 | Depths:2 | Rudyous: its armor
 65887 | Depths:2 | Ambrosia: ah
 65887 | Depths:2 | Rudyous: faerie dragon scales
 65887 | Depths:2 | Ambrosia: but she don't drop it ):
 65887 | Depths:2 | Rudyous: unique drag scales only for her
 65887 | Depths:2 | Rudyous: she cna
 65887 | Depths:2 | Ambrosia: oh?
 65887 | Depths:2 | Ambrosia: faerie??
 65887 | Depths:2 | Ambrosia: erm
 65887 | Depths:2 | Ambrosia: faerie dragon??
 65887 | Depths:2 | beem: A randart acid dragon scales with fixed appearance,
                  | worn by the Enchantress. Has between 0 and +8 enchantment,
                  | can have some properties not allowed on other randarts.
 65887 | Depths:2 | Ambrosia: enchantress??
 65887 | Depths:2 | beem: A unique spriggan witch. Found in Depths and in
                  | sprint 4. Comes with a spriggan defender weapon and {faerie
                  | dragon armour}. Has low HP for a unique but high EV and
                  | magic immune, so use clouds, explosions, etc. Spells:
                  | {dimensional anchor}, slow, haste, {mass confusion}, {strip
                  | willpower}.
 65887 | Depths:2 | Ambrosia: pretty sure she drops it all of the time
 65887 | Depths:2 | Rudyous: i think so
 65887 | Depths:2 | Rudyous: if she has it
 65887 | Depths:2 | Ambrosia: ye
 65887 | Depths:2 | Rudyous: i dont think she always does
 65887 | Depths:2 | Ambrosia: OOPS
 65888 | Depths:2 | TheSexyCheese: back
 65888 | Depths:2 | Ambrosia: oh hello cheese
 65888 | Depths:2 | Ambrosia: guess what
 65888 | Depths:2 | TheSexyCheese: rudy i screwed up the bottom of my math hw
 65888 | Depths:2 | TheSexyCheese: what
 65888 | Depths:2 | Rudyous: L
 65888 | Depths:2 | Ambrosia: this bitch
 65888 | Depths:2 | TheSexyCheese: woah
 65888 | Depths:2 | TheSexyCheese: what is that
 65888 | Depths:2 | TheSexyCheese: never seen theat
 65888 | Depths:2 | Ambrosia: is who ended my tengu run awhile back
 65888 | Depths:2 | Ambrosia: thissssssssssssssssssss mfffffffffff
 65888 | Depths:2 | Ambrosia: WILL GET LIVING HELL FROM ME
 65888 | Depths:2 | TheSexyCheese: is this new
 65888 | Depths:2 | Ambrosia: no
 65888 | Depths:2 | TheSexyCheese: when was it added
 65888 | Depths:2 | Ambrosia: awhile ago
 65888 | Depths:2 | TheSexyCheese: i have no recollection of this
 65888 | Depths:2 | Ambrosia: she is rare
 65888 | Depths:2 | TheSexyCheese: well i stopped playing in 0.31 when it was
                  | trunk
 65888 | Depths:2 | Ambrosia: anyways
 65888 | Depths:2 | TheSexyCheese: or 0.30
 65888 | Depths:2 | Ambrosia: shall death unfold
 65888 | Depths:2 | Ambrosia: alr
 65888 | Depths:2 | Ambrosia: first move...
 65888 | Depths:2 | Ambrosia: hmm
 65888 | Depths:2 | Rudyous: i think she has existed for a long time
 65888 | Depths:2 | TheSexyCheese: never seen her
 65889 | Depths:2 | Ambrosia: ez
 65903 | Depths:2 | Ambrosia: DIE MF
 65908 | Depths:2 | Killed the Enchantress
 65909 | Depths:2 | Ambrosia: :)
 65909 | Depths:2 | Ambrosia: i'm happi now
 65909 | Depths:2 | Ambrosia: I got revenge
 65929 | Depths:2 | Received a gift from Trog
 66027 | Depths:2 | Ambrosia: aw
 66027 | Depths:2 | TheSexyCheese: done any of vaults?
 66027 | Depths:2 | Ambrosia: no faerie
 66027 | Depths:2 | Ambrosia: nah
 66027 | Depths:2 | Ambrosia: depths first
 66027 | Depths:2 | Ambrosia: trust me
 66027 | Depths:2 | Ambrosia: depths enemies are in vaults
 66027 | Depths:2 | Ambrosia: + worse enemies
 66027 | Depths:2 | TheSexyCheese: ik that
 66027 | Depths:2 | Ambrosia: but I got those 2
 66027 | Depths:2 | Ambrosia: runes
 66027 | Depths:2 | TheSexyCheese: but you could do a few floors
 66027 | Depths:2 | Ambrosia: OH WAIT
 66027 | Depths:2 | Ambrosia: LOOOOOOOOOOOOOL
 66027 | Depths:2 | Ambrosia: I'M STUPID
 66027 | Depths:2 | Ambrosia: hey look it's considered unrand
 66027 | Depths:2 | Ambrosia: look at the bottom text
 66027 | Depths:2 | TheSexyCheese: wow
 66027 | Depths:2 | Ambrosia: now that cheese
 66027 | Depths:2 | Ambrosia: is a rare item
 66027 | Depths:2 | TheSexyCheese: indeed
 66027 | Depths:2 | Ambrosia: probably one of the rarest actually
 66027 | Depths:2 | Ambrosia: time to get a picie
 66027 | Depths:2 | TheSexyCheese: thats cool
 66027 | Depths:2 | TheSexyCheese: rudy
 66027 | Depths:2 | Ambrosia: yea
 66027 | Depths:2 | Ambrosia: indeed it is
 66027 | Depths:2 | Rudyous: cheese
 66027 | Depths:2 | TheSexyCheese: i touched the x button with my finger on
                  | walts screen
 66027 | Depths:2 | TheSexyCheese: he grabbed me
 66027 | Depths:2 | TheSexyCheese: with them golem arms
 66027 | Depths:2 | Rudyous: good
 66027 | Depths:2 | TheSexyCheese: hes typing
 66027 | Depths:2 | Ambrosia: ah I was wondering what the color differentiation
                  | was between normal items and unrand
 66027 | Depths:2 | Ambrosia: turns out
 66027 | Depths:2 | retardedninja: you should mute cheese
 66027 | Depths:2 | TheSexyCheese: DONT
 66027 | Depths:2 | Ambrosia: unrand items are just slightly brighter lol
 66027 | Depths:2 | Ambrosia: no
 66027 | Depths:2 | TheSexyCheese: do not
 66027 | Depths:2 | Ambrosia: I will mute u ninja
 66027 | Depths:2 | retardedninja: why
 66027 | Depths:2 | Ambrosia: if u don't shush
 66027 | Depths:2 | TheSexyCheese: dont listen to him his typing with one hand
 66027 | Depths:2 | Ambrosia: tf
 66027 | Depths:2 | TheSexyCheese: ikr
 66027 | Depths:2 | retardedninja: whut
 66028 | Depths:2 | Ambrosia: watahda
 66028 | Depths:2 | TheSexyCheese: youve found some great stuff for resists
                  | this run
 66028 | Depths:2 | Ambrosia: fr
 66028 | Depths:2 | TheSexyCheese: better not die
 66028 | Depths:2 | Ambrosia: and semi-good weapons
 66028 | Depths:2 | Ambrosia: I will try
 66028 | Depths:2 | Ambrosia: I will only do risky stuff w/ u around
 66028 | Depths:2 | TheSexyCheese: ho wmany runes you got
 66028 | Depths:2 | TheSexyCheese: goof
 66028 | Depths:2 | TheSexyCheese: good
 66028 | Depths:2 | Ambrosia: such as depths 4 or vaults 5
 66028 | Depths:2 | Ambrosia: cuz depths 4 zot protectors can be extremely
                  | deadly
 66086 | Depths:2 | TheSexyCheese: yea
 66086 | Depths:2 | Ambrosia: grrr
 66086 | Depths:2 | Ambrosia: WIAT
 66086 | Depths:2 | Ambrosia: WAIT
 66086 | Depths:2 | TheSexyCheese: v5 is more fun with caster with ignition
 66086 | Depths:2 | Ambrosia: IT CAN'T KILL DIRECTLY???????????
 66086 | Depths:2 | Ambrosia: ..
 66086 | Depths:2 | Ambrosia: .
 66199 | Depths:2 | TheSexyCheese: it destroys hp
 66254 | Depths:2 | Ambrosia: ik but if it's by itself it don't matter
 66254 | Depths:2 | TheSexyCheese: can be dangerous without rneg
 66254 | Depths:2 | Rudyous: those things suck with other monsters
 66254 | Depths:2 | Ambrosia: frfr
 66254 | Depths:2 | Ambrosia: I usually heavily target them
 66265 | Depths:2 | TheSexyCheese: yea gotta target them
 66888 | Depths:2 | Ambrosia: hah
 66888 | Depths:2 | Ambrosia: our spectral weapons were fighting
 66888 | Depths:2 | Ambrosia: like dog fights
 67313 | Depths:2 | TheSexyCheese: rudy wait till you hear what my study hall
                  | is talking about inCLASS
 67318 | Depths:2 | Reached XP level 20. HP: 177/180 MP: 2/20
 67531 | Depths:2 | TheSexyCheese: ill tell on the bus bruh its awful
 67531 | Depths:2 | Ambrosia: owie
 67531 | Depths:2 | TheSexyCheese: ooooo
 67710 | Depths:2 | Found the amulet of the Air {Inacc Air Fly rElec RMsl}
 67712 | Depths:2 | Rudyous: ?
 67712 | Depths:2 | Ambrosia: HOW MANY FUCKING UNRANDS AM I GOING TO FIND IN
                  | THIS RUNNNNNNNNNNNNNNNNNNNNNN
 67712 | Depths:2 | Ambrosia: HOLY SHIT
 67713 | Depths:2 | Ambrosia: THIS SEED GOES SO HARD
 67806 | Depths:2 | Identified the +1 leather armour "Ryoseitz" {Str+2}
 67822 | Depths:2 | TheSexyCheese: this isnt seeded correct
 67823 | Depths:2 | Ambrosia: hm
 67823 | Depths:2 | TheSexyCheese: dont you got a collection of seeds
 67823 | Depths:2 | Ambrosia: nope
 67823 | Depths:2 | Ambrosia: nope
 67823 | Depths:2 | TheSexyCheese: good
 67823 | Depths:2 | Ambrosia: not modern
 67823 | Depths:2 | Ambrosia: lol
 67823 | Depths:2 | Ambrosia: plus unseeded is more fun
 67823 | Depths:2 | TheSexyCheese: could be a legit win
 67823 | Depths:2 | Ambrosia: it's less repetative
 67823 | Depths:2 | TheSexyCheese: a valid win if you will
 67823 | Depths:2 | Ambrosia: what about tihs
 67823 | Depths:2 | Ambrosia: should I use it?
 67823 | Depths:2 | Ambrosia: or nah
 67823 | Depths:2 | Ambrosia: how bad is inacc
 67823 | Depths:2 | TheSexyCheese: reduces acc
 67823 | Depths:2 | Rudyous: nah not worth
 67823 | Depths:2 | TheSexyCheese: no
 67823 | Depths:2 | Rudyous: imo anyway
 67823 | Depths:2 | Ambrosia: ?
 67823 | Depths:2 | TheSexyCheese: i gtg in a min
 67823 | Depths:2 | TheSexyCheese: to MATH
 67823 | Depths:2 | Ambrosia: ght
 67823 | Depths:2 | Ambrosia: ight
 68121 | Depths:2 | Rudyous: ill prob be on
 68369 | Depths:2 | Found a one-way gate leading to the halls of Pandemonium.
 68379 | Depths:2 | Reached skill level 14 in Shields
 68493 | Depths:2 | Ambrosia: hey look pan
 68493 | Depths:2 | Ambrosia: on d2??
 68493 | Depths:2 | Ambrosia: wait waht
 68545 | Depths:2 | Rudyous: thats normal
 68595 | Depths:2 | Rudyous: brb
 68595 | Depths:2 | Ambrosia: I don't really need to cheese but why no
 68595 | Depths:2 | Ambrosia: not
 68595 | Depths:2 | Ambrosia: ok
 69259 | Depths:2 | Received a gift from Trog
 70151 | Depths:3 | Ambrosia: the gang is back
 70154 | Depths:3 | TheSexyCheese: ima have to go ina sec
 70181 | Depths:3 | TheSexyCheese: bell gon ring
 70191 | Depths:3 | Ambrosia: brrrrrrrrrrrrr
 70191 | Depths:3 | TheSexyCheese: but better not die
 70200 | Depths:3 | TheSexyCheese: will you play later
 70205 | Depths:3 | Ambrosia: me?
 70250 | Depths:3 | TheSexyCheese: yea?
 70255 | Depths:3 | Reached skill level 20 in Armour
 70384 | Depths:3 | Ambrosia: uh
 70384 | Depths:3 | Ambrosia: yes
 70384 | Depths:3 | Ambrosia: idk exact times tho
 70414 | Depths:3 | TheSexyCheese: what time?
 70442 | Depths:3 | Found a one-way gate to the infinite horrors of the Abyss.
 70511 | Depths:3 | TheSexyCheese: roughly
 70891 | Depths:3 | TheSexyCheese: idk ill prolly be on so if i see you on ill
                  | join
 70891 | Depths:3 | Ambrosia: uhh
 70891 | Depths:3 | Ambrosia: well most likely lunch
 70891 | Depths:3 | Ambrosia: what's ur time zone?
 70891 | Depths:3 | Ambrosia: what time is it for u actually
 70891 | Depths:3 | Rudyous: EST
 70891 | Depths:3 | TheSexyCheese: yea
 70891 | Depths:3 | TheSexyCheese: what he said
 70891 | Depths:3 | Ambrosia: idfk what time est is
 70891 | Depths:3 | Ambrosia: what time is it for u
 70891 | Depths:3 | Rudyous: 1:01PM
 70897 | Depths:3 | TheSexyCheese: same as yours
 70901 | Depths:3 | Ambrosia: ah
 70934 | Depths:3 | Ambrosia: tf is this giant ass box
 70937 | Depths:3 | Ambrosia: oh
 70937 | Depths:3 | Ambrosia: that's what
 70954 | Depths:4 | Entered Level 4 of the Depths
 70956 | Depths:4 | Reached skill level 16 in Polearms
 71622 | Depths:4 | Ambrosia: damn
 71622 | Depths:4 | Ambrosia: that's a big zot area
 72132 | Depths:4 | Received a gift from Trog
 72263 | Depths:4 | Reached skill level 22 in Fighting
 73956 | Depths:4 | Found a gate to the Realm of Zot.
 75207 | Vaults:1 | Entered Level 1 of the Vaults
 75229 | Vaults:1 | Found Fyeluph's Assorted Antiques.
 75865 | Vaults:1 | Reached skill level 1 in Evocations
 76024 | Vaults:1 | Reached XP level 21. HP: 184/189 MP: 3/21
 76362 | Vaults:1 | Found Zatuts's Distillery.
 76366 | Vaults:1 | Bought a potion of heal wounds for 85 gold pieces
 76366 | Vaults:1 | Bought a potion of might for 68 gold pieces
 76366 | Vaults:1 | Bought a potion of might for 68 gold pieces
 76390 | Vaults:1 | SpyderV: u show them?
 76392 | Vaults:1 | Ambrosia: >
 76392 | Vaults:1 | Ambrosia: ?
 76636 | Vaults:1 | Reached skill level 2 in Evocations
 76636 | Vaults:1 | SpyderV: cheese and goose
 76724 | Vaults:1 | SpyderV: the funnel thing
 76724 | Vaults:1 | Ambrosia: cheese yes
 76780 | Vaults:1 | Found Kuileocs's Armour Shoppe.
 77840 | Vaults:1 | Reached skill level 3 in Evocations
 78101 | Vaults:1 | Ambrosia: dman
 78101 | Vaults:1 | Ambrosia: damn
 78101 | Vaults:1 | Ambrosia: pretty close
 78102 | Vaults:1 | Ambrosia: but ponderousness
 78150 | Vaults:2 | Ambrosia: :0
 78150 | Vaults:2 | Ambrosia: :O
 78150 | Vaults:2 | Ambrosia: uh oh
 78426 | Vaults:2 | Received a gift from Trog
 78494 | Vaults:2 | Reached skill level 4 in Evocations
 78785 | Vaults:2 | Found a flickering gateway to a bazaar.
 78798 | Bazaar   | Entered a bazaar
 78799 | Bazaar   | Ambrosia: how tf did I make that
 78799 | Bazaar   | Ambrosia: holy shit
 78800 | Bazaar   | Found Laung's General Store.
 78900 | Bazaar   | Found Juilyrog's Distillery.
 78900 | Bazaar   | Found Lijiod's Distillery.
 78900 | Bazaar   | Found Vauschehe's Magic Scroll Boutique.
 78924 | Bazaar   | Ambrosia: nothing even that good bro
 78942 | Bazaar   | Bought a potion of cancellation for 96 gold pieces
 78942 | Bazaar   | Bought a potion of heal wounds for 60 gold pieces
 78942 | Bazaar   | Bought a potion of mutation for 96 gold pieces
 78942 | Bazaar   | Bought a potion of mutation for 96 gold pieces
 78942 | Bazaar   | Bought a potion of might for 48 gold pieces
 78942 | Bazaar   | Bought a potion of heal wounds for 60 gold pieces
 78950 | Bazaar   | Bought a scroll of teleportation for 36 gold pieces
 78950 | Bazaar   | Bought a scroll of fear for 48 gold pieces
 78950 | Bazaar   | Bought a scroll of teleportation for 36 gold pieces
 78958 | Bazaar   | Bought a potion of heal wounds for 80 gold pieces
 78958 | Bazaar   | Bought a potion of haste for 160 gold pieces
 78966 | Bazaar   | Bought a potion of mutation for 64 gold pieces
 78966 | Bazaar   | Bought a potion of mutation for 64 gold pieces
 79365 | Vaults:2 | Reached skill level 17 in Polearms
 79380 | Vaults:2 | Identified the +1 ring mail "Puazxup" {rElec Will- MP+9
                  | Dex-5}
 79615 | Vaults:2 | TheSexyCheese: careful now
 79623 | Vaults:2 | TheSexyCheese: no dying
 79624 | Vaults:2 | Ambrosia: yeah ik
 79624 | Vaults:2 | Ambrosia: someone I made it to a bazaar
 79624 | Vaults:2 | Ambrosia: somehow*
 79624 | Vaults:2 | Ambrosia: but nothing good
 79624 | Vaults:2 | Ambrosia: just potions and scrolls
 79624 | Vaults:2 | TheSexyCheese: i love bazars
 79624 | Vaults:2 | Ambrosia: but now I'm broke
 79624 | Vaults:2 | TheSexyCheese: ooof nothing good
 79624 | Vaults:2 | Found a staircase to the Crypt.
 79776 | Vaults:2 | TheSexyCheese: ehh consumables are good ig
 79789 | Vaults:2 | Ambrosia: mainly I bought mut, might, and healing stuff
 79789 | Vaults:2 | Ambrosia: as well as tele and fear
 79790 | Vaults:2 | TheSexyCheese: mut youll def need
 79792 | Vaults:2 | Identified the +4 quarterstaff "Xyufyt" {drain, *Slow rElec
                  | Will++ rCorr}
 79794 | Vaults:2 | TheSexyCheese: how many you got
 79794 | Vaults:2 | Ambrosia: 10
 79794 | Vaults:2 | TheSexyCheese: good
 79794 | Vaults:2 | Ambrosia: yeah ik
 79794 | Vaults:2 | Ambrosia: muts suck ass
 79794 | Vaults:2 | TheSexyCheese: gonna need more prolly just save them
 79912 | Vaults:2 | Ambrosia: erm
 79912 | Vaults:2 | Ambrosia: no
 79922 | Vaults:2 | TheSexyCheese: wdym "no"
 79952 | Vaults:2 | Reached skill level 5 in Evocations
 79953 | Vaults:2 | Ambrosia: "no" to that situation
 79953 | Vaults:2 | Ambrosia: I mean
 79956 | Vaults:2 | TheSexyCheese: oooh
 80055 | Vaults:2 | TheSexyCheese: i see
 80082 | Vaults:2 | TheSexyCheese: very nice ac btw
 80247 | Vaults:2 | Ambrosia: ye
 80247 | Vaults:2 | Ambrosia: so I got armor that gets close to maxwells
 80247 | Vaults:2 | Ambrosia: but I'm still sticky to maxwells
 80247 | Vaults:2 | TheSexyCheese: what your ski;;s
 80247 | Vaults:2 | TheSexyCheese: skills
 80247 | Vaults:2 | Ambrosia: oop gtg
 80247 | Vaults:2 | Ambrosia: aaaaaaa
 80247 | Vaults:2 | Ambrosia: seeya
 80247 | Vaults:2 | TheSexyCheese: alr
 80379 | Vaults:2 | Received a gift from Trog
 81470 | Vaults:3 | Reached skill level 15 in Shields
 82079 | Vaults:3 | Reached skill level 21 in Armour
 82415 | Vaults:3 | You fall into a shaft and drop 1 floor!
 82447 | Vaults:4 | Reached skill level 6 in Evocations
 82676 | Vaults:4 | Noticed Boris
 82686 | Vaults:4 | Killed Boris
 82687 | Vaults:4 | Gained mutation: Spells you cast may paralyse nearby
                  | enemies. [demonic ancestry]
 82687 | Vaults:4 | Reached XP level 22. HP: 169/198 MP: 1/22
 83646 | Vaults:3 | Reached skill level 23 in Fighting
 84120 | Vaults:3 | Received a gift from Trog
 84814 | Vaults:3 | Reached skill level 7 in Evocations
 86155 | Vaults:4 | Identified the +2 chain mail of the Black Moon {rElec rC-
                  | Will+}
 86470 | Vaults:4 | Noticed Zenata
 86475 | Vaults:4 | Killed Zenata
 86772 | Vaults:4 | Noticed Donald
 86796 | Vaults:4 | Killed Donald
 86808 | Vaults:4 | HP: 100/200 [deep troll[an ironbound preserver] (9)]
 87064 | Vaults:4 | Received a gift from Trog
 87210 | Vaults:4 | Ambrosia: v5 time
 87250 | Vaults:4 | Rudyous: gl, pretty scary without ignition
 87250 | Vaults:4 | Rudyous: sometimes
 87250 | Vaults:4 | Ambrosia: this *should* bring me to the corner
 87251 | Vaults:4 | Ambrosia: then hopefully I can funnel
 87251 | Vaults:4 | Ambrosia: I'm going to wear the armor of ponder or whatever
 87251 | Vaults:4 | Ambrosia: I need to be able to teleport just in case
 87251 | Vaults:4 | Ambrosia: most enemies are ranges
 87251 | Vaults:4 | Ambrosia: ranged
 87324 | Vaults:5 | Entered Level 5 of the Vaults
 87325 | Vaults:5 | Ambrosia: erm
 87325 | Vaults:5 | Ambrosia: this isn't the corner
 87327 | Vaults:5 | Identified the +7 mace of Ecynwul {vamp, rF+ MP-9 Str+3}
 87335 | Vaults:5 | Ambrosia: :O
 87335 | Vaults:5 | Ambrosia: perfect funnel
 87365 | Vaults:5 | HP: 89/195 [quicksilver dragon (19)]
 87371 | Vaults:5 | HP: 58/196 [ettin/+0 dire flail (21)]
 87638 | Vaults:5 | Reached skill level 8 in Evocations
 87666 | Vaults:5 | HP: 82/200 [deep elf sorcerer/bolt of acid (34)]
 87674 | Vaults:5 | HP: 89/200 [vault warden zombie[a necromancer] (12)]
 87969 | Vaults:5 | Reached skill level 18 in Polearms
 88159 | Vaults:5 | TheSexyCheese: ded?
 88159 | Vaults:5 | TheSexyCheese: nope
 88159 | Vaults:5 | Ambrosia: got close
 88159 | Vaults:5 | TheSexyCheese: dang you went to v5 already
 88159 | Vaults:5 | TheSexyCheese: clear depths yet?
 88159 | Vaults:5 | Ambrosia: but just walked on teleport trap and someone
                  | teleported accross the map
 88159 | Vaults:5 | Ambrosia: yes
 88159 | Vaults:5 | TheSexyCheese: alr good
 88323 | Vaults:5 | TheSexyCheese: after this id say crypt
 88382 | Vaults:5 | TheSexyCheese: did you kill the unique
 88382 | Vaults:5 | TheSexyCheese: here
 88382 | Vaults:5 | Ambrosia: >
 88382 | Vaults:5 | Ambrosia: ?
 88382 | Vaults:5 | TheSexyCheese: idk his name cant remember
 88382 | Vaults:5 | Ambrosia: nah
 88382 | Vaults:5 | TheSexyCheese: alr
 88382 | Vaults:5 | Ambrosia: I'm not crypting bruh
 88382 | Vaults:5 | TheSexyCheese: be wary
 88382 | Vaults:5 | TheSexyCheese: why
 88382 | Vaults:5 | Ambrosia: it's scary
 88382 | Vaults:5 | Ambrosia: also
 88382 | Vaults:5 | Ambrosia: yes
 88382 | Vaults:5 | TheSexyCheese: got norment res
 88587 | Vaults:5 | TheSexyCheese: with torment res you should be ok
 88637 | Vaults:5 | TheSexyCheese: just kill the flayed ghosts and curse skulls
                  | quickly
 88733 | Vaults:5 | TheSexyCheese: mainly its for xp
 88733 | Vaults:5 | Ambrosia: ik
 88733 | Vaults:5 | Ambrosia: but I have other places I could go
 88750 | Vaults:5 | Noticed a dread lich
 88760 | Vaults:5 | Killed a dread lich
 88761 | Vaults:5 | Reached skill level 9 in Evocations
 88770 | Vaults:5 | TheSexyCheese: like?
 88770 | Vaults:5 | TheSexyCheese: do elven yet?
 88771 | Vaults:5 | Received a gift from Trog
 88849 | Vaults:5 | TheSexyCheese: you got the resists for it
 88904 | Vaults:5 | Gained mutation: Spells you cast and wands you use may
                  | paralyse nearby enemies. [demonic ancestry]
 88904 | Vaults:5 | Reached XP level 23. HP: 201/207 MP: 2/23
 89077 | Vaults:5 | Identified the amulet "Qexu" {Spirit rN+ SInv}
 89247 | Vaults:5 | Ambrosia: nah
 89247 | Vaults:5 | Ambrosia: I do>
 89247 | Vaults:5 | Ambrosia: ?
 89247 | Vaults:5 | Ambrosia: eh
 89247 | Vaults:5 | TheSexyCheese: ooooh
 89247 | Vaults:5 | TheSexyCheese: wow
 89247 | Vaults:5 | Ambrosia: also
 89247 | Vaults:5 | TheSexyCheese: no crypt for you
 89247 | Vaults:5 | Ambrosia: I swapped from maxwells to other armor
 89247 | Vaults:5 | TheSexyCheese: zero rneg
 89247 | Vaults:5 | Ambrosia: so I could teleport
 89247 | Vaults:5 | TheSexyCheese: not good
 89247 | Vaults:5 | Ambrosia: thank god I did
 89247 | Vaults:5 | TheSexyCheese: good
 89247 | Vaults:5 | TheSexyCheese: yea
 89348 | Vaults:5 | TheSexyCheese: especially in vaults
 89389 | Vaults:5 | Identified the ring of Xorar {Fire rPois Str+4}
 89393 | Vaults:5 | TheSexyCheese: it can be really bad
 89636 | Vaults:5 | TheSexyCheese: having a means of escape is like the most
                  | important thing in this game
 89671 | Vaults:5 | Ambrosia: ye
 89846 | Vaults:5 | Noticed an ancient lich
 89847 | Vaults:5 | TheSexyCheese: thats why i never use maxwells armor
 89849 | Vaults:5 | Killed an ancient lich
 90087 | Vaults:5 | Identified the ring of Ogodil {rF- Will+ EV+5 Int+3}
 90203 | Vaults:5 | Ambrosia: ah
 90203 | Vaults:5 | TheSexyCheese: or the axe with mesm
 90203 | Vaults:5 | Ambrosia: obsidian
 90203 | Vaults:5 | Ambrosia: axe
 90203 | Vaults:5 | TheSexyCheese: yea
 90203 | Vaults:5 | TheSexyCheese: bad
 90208 | Vaults:5 | TheSexyCheese: wait
 90208 | Vaults:5 | Ambrosia: also I found sack
 90208 | Vaults:5 | Ambrosia: ?
 90208 | Vaults:5 | TheSexyCheese: how many light wands you got
 90208 | Vaults:5 | Ambrosia: a lot
 90208 | Vaults:5 | TheSexyCheese: sack of spiders?
 90208 | Vaults:5 | Ambrosia: wait nvm
 90208 | Vaults:5 | Ambrosia: I used a lot
 90208 | Vaults:5 | TheSexyCheese: light will help in pan
 90208 | Vaults:5 | TheSexyCheese: id save them
 90208 | Vaults:5 | Ambrosia: ah
 90208 | Vaults:5 | TheSexyCheese: also nets??
 90208 | Vaults:5 | Ambrosia: ?
 90208 | Vaults:5 | TheSexyCheese: those come in CLUTCH
 90208 | Vaults:5 | Ambrosia: oh
 90231 | Vaults:5 | TheSexyCheese: i got silenced by a pan lord once and
                  | couldnt tele so i netted it and escaped
 90231 | Vaults:5 | Ambrosia: how is my inventory full
 90231 | Vaults:5 | Ambrosia: oh
 90231 | Vaults:5 | TheSexyCheese: you collect suff
 90231 | Vaults:5 | Ambrosia: nvm
 90231 | Vaults:5 | TheSexyCheese: hmmm 14 tele
 90231 | Vaults:5 | TheSexyCheese: very nice
 90236 | Vaults:5 | TheSexyCheese: save blinks
 90236 | Vaults:5 | TheSexyCheese: gtg cya
 90244 | Vaults:5 | TheSexyCheese: ill be on later
 90253 | Vaults:5 | TheSexyCheese: tonight
 90554 | Vaults:5 | Received a gift from Trog
 91884 | Vaults:5 | Identified the +8 battleaxe of the Rat {drain, ^Fragile
                  | rPois Str+7}
 92301 | Vaults:5 | Got a silver rune of Zot
 92340 | Vaults:5 | Reached skill level 10 in Evocations
 92413 | Vaults:5 | Noticed an ancient lich
 92494 | Vaults:5 | Killed an ancient lich
 93353 | Elf:1    | Entered Level 1 of the Elven Halls
 93356 | Elf:1    | Paralysed by an air elemental for 1 turns
 93358 | Elf:1    | Reached skill level 22 in Armour
 93361 | Elf:1    | Paralysed by an air elemental for 1 turns
 94092 | Elf:1    | Reached skill level 24 in Fighting
 94092 | Elf:1    | Noticed Agnes
 94097 | Elf:1    | Received a gift from Trog
 94102 | Elf:1    | Killed Agnes
 94115 | Elf:1    | HP: 79/209 [deep elf zephyrmancer/bolt of lightning (33)]
 95321 | Elf:2    | Found Ixkew's Book Boutique.
 95470 | Elf:2    | Reached skill level 16 in Shields
 96131 | Elf:2    | HP: 90/209 [??? (87)]
 96149 | Elf:2    | HP: 101/209 [flayed ghost/flay_damage[a curse skull] (32)]
 96163 | Elf:2    | HP: 103/209 [ancient champion/+2 heavy battleaxe (14)]
 96171 | Elf:2    | HP: 99/209 [mummy[a curse skull] (8)]
 97119 | Elf:2    | Identified the serpent talisman "Jirifoik" {rN+}
 97119 | Elf:2    | Noticed Aizul
 97133 | Elf:2    | Killed Aizul
 97133 | Elf:2    | Received a gift from Trog
 97133 | Elf:2    | HP: 102/209 [poisoned by Aizul (bolt of poison)]
 97475 | Elf:2    | Reached skill level 11 in Evocations
 97862 | Elf:2    | Found a runed translucent gate.
 97862 | Elf:2    | Found a runed translucent gate.
 97864 | Elf:2    | Found a runed translucent gate.
 98133 | Elf:2    | Reached skill level 19 in Polearms
 98497 | Elf:2    | Gained mutation: Your presence sometimes corrodes or
                  | deforms those you injure. [demonic ancestry]
 98497 | Elf:2    | Reached XP level 24. HP: 194/218 MP: 0/23
 98696 | Elf:2    | Identified the blade talisman "Cois Qamoa" {Str+5 Stlth-}
 99053 | Hell     | Entered the Vestibule of Hell
 99053 | Hell     | Noticed Geryon
 99513 | Depths:1 | HP: 73/216 [???[a doom hound] (71)]
 99516 | Depths:1 | HP: 36/216 [tormentor[a doom hound] (3)]
 99516 | Depths:1 | HP: 16/216 [???[a doom hound] (14)]
100169 | Slime:1  | Entered Level 1 of the Pits of Slime
100428 | Slime:1  | Identified the +5 trident "Zelomago" {flame, *Noise rElec
                  | rF+ rN++ Will+} (Trog gifted it to you on level 1 of the
                  | Pits of Slime)
100428 | Slime:1  | Received a gift from Trog
102847 | Slime:3  | Gained mutation: You are frail. (-10% HP) [a shining eye]
102861 | Slime:3  | Received a gift from Trog
103486 | Slime:2  | Reached skill level 12 in Evocations
105798 | Slime:4  | Curundu: Spectral weapons are just the best.
105801 | Slime:3  | Ambrosia: yea lol
106003 | Slime:4  | Ambrosia: keys broken
106094 | Slime:5  | Entered Level 5 of the Pits of Slime
106094 | Slime:5  | Found the +13 scythe of Curses {drain, curses, ^Drain}
106218 | Slime:5  | Found a viscous altar of Jiyva.
106739 | Slime:5  | Noticed the Royal Jelly
106742 | Slime:5  | Gained mutation: You are very frail. (-20% HP) [a shining
                  | eye]
106752 | Slime:5  | HP: 86/175 [the Royal Jelly (13)]
107642 | Slime:5  | Received a gift from Trog
107958 | Slime:5  | Killed the Royal Jelly
109477 | Slime:5  | Identified the +0 plate armour of Cheibriados's Favour {rC-
                  | Regen+ Str+5}
109523 | Slime:5  | Identified the +0 demon whip of Valour {flame, Will+}
109663 | Slime:5  | Got a slimy rune of Zot
109673 | Slime:5  | Identified the +2 pair of gloves "Teippoan" {Int+6}
111439 | Vaults:1 | Bought +2 pearl dragon scales for 1409 gold pieces
111639 | Orc:2    | Bought a ring of positive energy for 300 gold pieces
111840 | Crypt:1  | Entered Level 1 of the Crypt
112225 | Vaults:2 | Lost mutation: You passively map a small area around you.
                  | [potion of mutation]
112225 | Vaults:2 | Lost mutation: You are very frail. (-20% HP) [potion of
                  | mutation]
112225 | Vaults:2 | Gained mutation: You expend magic power (3 MP) to
                  | strengthen your wands. [potion of mutation]
112225 | Vaults:2 | Gained mutation: You are strong-willed. (Will+) [potion of
                  | mutation]
112226 | Vaults:2 | Lost mutation: You are frail. (-10% HP) [potion of
                  | mutation]
112226 | Vaults:2 | Lost mutation: You expend magic power (3 MP) to strengthen
                  | your wands. [potion of mutation]
112226 | Vaults:2 | Lost mutation: Your system is resistant to poisons. (rPois)
                  | [potion of mutation]
112226 | Vaults:2 | Gained mutation: You possess an exceptional clarity of
                  | mind. [potion of mutation]
112226 | Vaults:2 | Gained mutation: You occasionally lose the ability to drink
                  | potions when taking damage. [potion of mutation]
112226 | Vaults:2 | Gained mutation: Your magical capacity is low. (-10% MP)
                  | [potion of mutation]
112227 | Vaults:2 | Lost mutation: You are strong-willed. (Will+) [potion of
                  | mutation]
112227 | Vaults:2 | Lost mutation: You possess an exceptional clarity of mind.
                  | [potion of mutation]
112227 | Vaults:2 | Lost mutation: You occasionally lose the ability to drink
                  | potions when taking damage. [potion of mutation]
112227 | Vaults:2 | Lost mutation: Your magical capacity is low. (-10% MP)
                  | [potion of mutation]
112227 | Vaults:2 | Gained mutation: You expend magic power (3 MP) to
                  | strengthen your wands. [potion of mutation]
112228 | Vaults:2 | Lost mutation: You expend magic power (3 MP) to strengthen
                  | your wands. [potion of mutation]
112228 | Vaults:2 | Gained mutation: You sometimes lose your temper in combat.
                  | [potion of mutation]
112228 | Vaults:2 | Gained mutation: You are strong-willed. (Will+) [potion of
                  | mutation]
112228 | Vaults:2 | Gained mutation: You are resistant to electric shocks.
                  | (rElec) [potion of mutation]
112229 | Vaults:2 | Lost mutation: You sometimes lose your temper in combat.
                  | [potion of mutation]
112229 | Vaults:2 | Lost mutation: You are strong-willed. (Will+) [potion of
                  | mutation]
112229 | Vaults:2 | Lost mutation: You are resistant to electric shocks.
                  | (rElec) [potion of mutation]
112229 | Vaults:2 | Gained mutation: You are strong-willed. (Will+) [potion of
                  | mutation]
112949 | Crypt:1  | Found a runed translucent gate.
112949 | Crypt:1  | Found a runed translucent gate.
112950 | Crypt:1  | Found a runed translucent gate.
112950 | Crypt:1  | Noticed Goociwk's ghost (adept GrFi)
113138 | Crypt:1  | Killed Goociwk's ghost
113255 | Crypt:1  | Identified the +8 morningstar of Upheaval {heavy, ^Drain
                  | rN+ Str+4 Stlth+}
113259 | Crypt:1  | Identified the +1 great sword of Drought {holy, rF+ Int+2}
113508 | Crypt:1  | Noticed Grunn
113512 | Crypt:1  | Identified the +6 trident "Dragonslayer" {heavy, ^Contam
                  | rC+ Dex+2 SInv} (Trog gifted it to you on level 1 of the
                  | Crypt)
113512 | Crypt:1  | Received a gift from Trog
113529 | Crypt:1  | Killed Grunn
113956 | Crypt:1  | Reached skill level 25 in Fighting
113963 | Crypt:1  | Reached skill level 23 in Armour
114726 | Crypt:2  | Reached skill level 13 in Evocations
115219 | Crypt:2  | Reached XP level 25. HP: 227/227 MP: 5/23
116261 | Crypt:2  | Received a gift from Trog
116272 | Crypt:2  | Reached skill level 20 in Polearms
116744 | Crypt:3  | Entered Level 3 of the Crypt
117195 | Crypt:3  | Identified the amulet of Zaonnavu {Regen+ Dex+6}
117195 | Crypt:3  | Identified the ring "Worghaim" {rN+ rCorr Dex+2}
117203 | Crypt:3  | Identified the +0 robe "Barramaj" {rPois rF+ Stlth-}
117705 | Crypt:3  | Found a basalt altar of Yredelemnul.
119775 | Crypt:3  | Identified the staff of the Shifting Eel {Will- Dex+4
                  | Stlth+ Conj}
121172 | Crypt:3  | Identified the ring "Nexusat" {rC+ AC+4 Str+4 Dex-3}
121806 | Crypt:3  | Noticed a royal mummy
121831 | Crypt:3  | Reached skill level 17 in Shields
121884 | Crypt:3  | Killed a royal mummy
121884 | Crypt:3  | HP: 80/228 [torment (41)]
122404 | Crypt:3  | Found a staircase to the Tomb.
122996 | Elf:3    | Entered Level 3 of the Elven Halls
123011 | Elf:3    | Found Yriud's Book Boutique.
123263 | Elf:3    | Found Sarasvati's Dragon-Slaying Spoils.
124088 | Elf:3    | Received a gift from Trog
124405 | Elf:3    | Reached skill level 14 in Evocations
124987 | Elf:3    | Identified the +7 chain mail of the Ant {rF- rN+ Str+3
                  | Dex+7}
125864 | Elf:3    | Identified the +9 plate armour "Taewn" {Rampage}
126234 | Elf:3    | Identified the +7 orcbow "Uckel" {flame, Int+6 Dex-2}
126283 | Elf:3    | Identified the +0 scale mail "Josig" {rPois Str+3}
126306 | Elf:3    | HP: 111/226 [deep elf high priest/a malign offering (7)]
127726 | Elf:3    | Identified the +2 orcbow "Goblin's Foe" {drain, rPois rN+
                  | Str-2 SInv}
127849 | Elf:3    | Identified the staff of Xoxin {rElec rPois rCorr Air}
128174 | Depths:1 | HP: 61/229 [???[a doom hound] (59)]
129585 | Hell     | Killed Geryon
129669 | Hell     | Found a gateway to the ashen valley of Gehenna.
130000 | Hell     | Reached XP level 26. HP: 237/237 MP: 4/23
130123 | Hell     | Found a gateway to the freezing wastes of Cocytus.
130356 | Hell     | Found a gateway to the Iron City of Dis.
130517 | Hell     | Found a gateway to the decaying netherworld of Tartarus.
130667 | Coc:1    | Entered Level 1 of Cocytus
131788 | Tomb:1   | Entered Level 1 of the Tomb of the Ancients
132460 | Tomb:1   | Noticed Boris
132470 | Tomb:1   | Killed Boris
133087 | Tomb:1   | Reached skill level 15 in Evocations
134665 | Tomb:1   | Noticed a royal mummy
134694 | Tomb:1   | Noticed a royal mummy
134705 | Tomb:1   | HP: 92/237 [??? (48)]
135007 | Tomb:1   | Reached skill level 21 in Polearms
135007 | Tomb:1   | Received a gift from Trog
135038 | Tomb:1   | Reached skill level 26 in Fighting
135290 | Tomb:1   | Killed a royal mummy
135434 | Tomb:1   | Killed a royal mummy
136765 | Zot:1    | Entered Level 1 of the Realm of Zot
136981 | Zot:1    | HP: 61/238 [lurking horror (59)]
137655 | Zot:1    | Reached skill level 24 in Armour
138266 | Zot:1    | Found a corrupted altar of Lugonu.
138862 | Zot:1    | Identified the staff of Karma {rElec Str+3 Tloc Air}
138867 | Zot:1    | HP: 114/238 [black draconian stormcaller/bolt of lightning
                  | (20)]
138870 | Zot:1    | HP: 55/238 [black draconian/bolt of lightning (7)]
139933 | Zot:1    | TheSexyCheese: whats up
139933 | Zot:1    | Ambrosia: guess who is fucking god
139933 | Zot:1    | Ambrosia: I AM
139933 | Zot:1    | Ambrosia: :)
139933 | Zot:1    | Ambrosia: I finished crypt, slime, elf, and tomb 1
139933 | Zot:1    | TheSexyCheese: alr
139933 | Zot:1    | TheSexyCheese: listen
139933 | Zot:1    | Ambrosia: don't worry I used my op rN setup
139933 | Zot:1    | TheSexyCheese: lemme see resits
139933 | Zot:1    | Ambrosia: problem is
139933 | Zot:1    | TheSexyCheese: waut
139933 | Zot:1    | TheSexyCheese: what op rN
139933 | Zot:1    | Ambrosia: I just had to tele away from a group of
                  | draconians
139933 | Zot:1    | Ambrosia: I don't have it rn
139933 | Zot:1    | TheSexyCheese: ok
139933 | Zot:1    | Ambrosia: I gotta wear pearl dragon armor and 2 rN rings
139933 | Zot:1    | TheSexyCheese: you teled
139933 | Zot:1    | Ambrosia: yes
139933 | Zot:1    | Ambrosia: I was going to die
139933 | Zot:1    | TheSexyCheese: ok
139933 | Zot:1    | Ambrosia: also
139933 | Zot:1    | Ambrosia: found this in slime
139933 | Zot:1    | Ambrosia: problem it's 2 handed
139933 | Zot:1    | TheSexyCheese: cool
139968 | Zot:1    | TheSexyCheese: yea youll want the shielf
139968 | Zot:1    | Ambrosia: mhm
139994 | Zot:1    | TheSexyCheese: id take it really slow
140563 | Zot:1    | Found an opulent altar of Gozag.
140640 | Zot:1    | TheSexyCheese: have you been to z5 before
140652 | Zot:1    | Ambrosia: z5?
140652 | Zot:1    | Ambrosia: zot 5
140652 | Zot:1    | Ambrosia: ?
140652 | Zot:1    | TheSexyCheese: yea
140652 | Zot:1    | Ambrosia: nope
140652 | Zot:1    | TheSexyCheese: alr
140652 | Zot:1    | TheSexyCheese: now
140652 | Zot:1    | Ambrosia: wait
140652 | Zot:1    | Ambrosia: yes
140652 | Zot:1    | Ambrosia: yes yesy es
140652 | Zot:1    | Ambrosia: I have
140652 | Zot:1    | Ambrosia: just not in an actual run
140652 | Zot:1    | TheSexyCheese: so yk orbs of fire
140652 | Zot:1    | Ambrosia: yes
140652 | Zot:1    | Ambrosia: tons of them
140652 | Zot:1    | TheSexyCheese: they are absolute hell
140652 | Zot:1    | TheSexyCheese: hell
140652 | Zot:1    | Ambrosia: I'm def screwed d 5
140652 | Zot:1    | Ambrosia: if only I had like 20 blink scrolls 0:
140652 | Zot:1    | Ambrosia: ):
140652 | Zot:1    | TheSexyCheese: theres usually around 5ish i believe
140652 | Zot:1    | TheSexyCheese: how many you got
140652 | Zot:1    | Ambrosia: hmmmm
140652 | Zot:1    | Ambrosia: 0
140652 | Zot:1    | TheSexyCheese: damn ok
140652 | Zot:1    | Ambrosia: yeah..
140652 | Zot:1    | TheSexyCheese: uhh
140997 | Zot:1    | TheSexyCheese: use mapping scroll on zot 5
140999 | Zot:1    | Ambrosia: uh oh
140999 | Zot:1    | Ambrosia: the horde
140999 | Zot:1    | Ambrosia: but anyways
140999 | Zot:1    | Ambrosia: yes
140999 | Zot:1    | Ambrosia: Ik
140999 | Zot:1    | Ambrosia: but I could cheese zot 5
140999 | Zot:1    | Ambrosia: like super cheese it
140999 | Zot:1    | TheSexyCheese: you wont
140999 | Zot:1    | Ambrosia: using stairs
140999 | Zot:1    | Ambrosia: yes
140999 | Zot:1    | TheSexyCheese: just be super careful and SLOW
140999 | Zot:1    | Ambrosia: I will
140999 | Zot:1    | Ambrosia: stairs and funnels
140999 | Zot:1    | TheSexyCheese: NO AUTO EXPLORE
140999 | Zot:1    | Ambrosia: ok
140999 | Zot:1    | Ambrosia: chill
140999 | Zot:1    | Ambrosia: yes ik
140999 | Zot:1    | Ambrosia: but anywas
140999 | Zot:1    | Ambrosia: i'm cheese
140999 | Zot:1    | TheSexyCheese: orbs of fire are main concern
140999 | Zot:1    | TheSexyCheese: and klowns
140999 | Zot:1    | Ambrosia: at least all the enmies I can
140999 | Zot:1    | Ambrosia: yea
141002 | Zot:1    | Ambrosia: the horde...
141002 | Zot:1    | TheSexyCheese: also how many mut pot you got
141002 | Zot:1    | Ambrosia: 10
141002 | Zot:1    | TheSexyCheese: ok
141002 | Zot:1    | Ambrosia: grrrrrrrrrr
141002 | Zot:1    | TheSexyCheese: make sure to check muts periodically
141004 | Zot:1    | TheSexyCheese: area wands?
141004 | Zot:1    | Ambrosia: uh oh
141004 | Zot:1    | TheSexyCheese: oh
141004 | Zot:1    | TheSexyCheese: ok
141005 | Zot:1    | TheSexyCheese: tele
141006 | Zot:1    | Ambrosia: see the problem?
141006 | Zot:1    | TheSexyCheese: tele and fear
141006 | Zot:1    | Ambrosia: yes ik
141006 | Zot:1    | HP: 118/238 [black draconian/staff of air (13)]
141007 | Zot:1    | Ambrosia: erm
141008 | Zot:1    | TheSexyCheese: again
141008 | Zot:1    | TheSexyCheese: tele
141008 | Zot:1    | Ambrosia: I am tele
141008 | Zot:1    | TheSexyCheese: and fear
141008 | Zot:1    | Ambrosia: buddy it was a mysterious blink
141011 | Zot:1    | HP: 87/238 [tentacled monstrosity (1)]
141012 | Zot:1    | TheSexyCheese: jesus christ
141012 | Zot:1    | HP: 35/238 [storm dragon/bolt of lightning (21)]
141013 | Zot:1    | Ambrosia: UHHHHHHHHHHH
141013 | Zot:1    | TheSexyCheese: OK STOP
141013 | Zot:1    | TheSexyCheese: stop
141013 | Zot:1    | Ambrosia: one last turn till tele
141013 | Zot:1    | TheSexyCheese: lemme see what you got
141013 | Zot:1    | Ambrosia: if I berserk I could make it out...
141013 | Zot:1    | TheSexyCheese: mayne
141013 | Zot:1    | TheSexyCheese: maybe
141013 | Zot:1    | Ambrosia: I have to
141013 | Zot:1    | Ambrosia: physically everything else will take too long
141013 | Zot:1    | TheSexyCheese: yea
141013 | Zot:1    | TheSexyCheese: go for it
141013 | Zot:1    | Ambrosia: gods of fucking dcss I swear to god gimmie mercy
141013 | Zot:1    | TheSexyCheese: last resort
141018 | Zot:1    | HP: 17/357 [storm dragon/bolt of lightning (6)]
141019 | Zot:1    | HP: 2/357 [war gargoyle/+2 great mace of protection (15)]
141020 | Zot:1    | Ambrosia: *national anthem plays*
141022 | Zot:1    | Killed from afar by a black draconian

Illustrated notes

Levels and vault maps discovered:
D:1:      dpeg_arrival_rhombi, layout_loops_ring
D:2:      layout_rooms, basic_altar, serial_bayou_ford_a,
          ebering_dispersal_statue_hall, uniq_robin, uniq_natasha, uniq_jessica
D:3:      layout_loops_ring, zin_academy, serial_undead, serial_undead_d,
          serial_undead_a, serial_undead_d, serial_undead_f,
          hellmonk_ecumenical_altar_blasted, minmay_misc_feat_ornament,
          minmay_box_of_dots, uniq_crazy_yiuf_cottage
D:4:      layout_cave_pools, minitemple, uniq_sigmund, uniq_duvessa
D:5:      layout_layer_cave, gammafunk_ghost_stat_death
D:6:      layout_cave_pods, marbit_many_paths, temple_fountains, uniq_maggie,
          uniq_edmund, uniq_menkaure
D:7:      kennysheep_housing_project, layout_basic, lemuel_round_altar,
          hangedman_decor_riveting, minmay_fractal_squares_gapless_5
D:8:      layout_basic, nicolae_fountain_basement
D:9:      lemuel_ice_spiral_2, layout_basic, lemuel_doored_altar,
          nicolae_concentric_dashed_squares_wild
D:10:     minmay_opposing_rooms, layout_layer_cave, grunt_gozag_statues,
          chequers_temple_overflow_statue_of_worship,
          mainiacjoe_overflow_boulevard
D:11:     layout_rooms, erik_lair_dragon, uniq_josephine
D:12:     nooodl_glass_maze, layout_stronghold, david_orc_2, uniq_urug,
          uniq_maurice
D:13:     layout_grid_maze, serial_shops, nicolae_diamond_shop,
          gauntlet_entry_generic, nicolae_ru_path_of_blood
D:14:     layout_layer_cave, david_vaults_5, kennysheep_path_1, serial_glass,
          glass_columns_a, glass_columns_a, glass_columns_a, glass_columns_c,
          glass_columns_b, glass_columns_a, glass_columns_a, glass_columns_a
D:15:     grunt_enter_depths_snipers, layout_long_grid, minmay_misc_feat_doors
Lair:1:   dreamdust_cave_troll, layout_regular_city, minivault_23,
          serial_bayou_shore_a
Lair:2:   layout_layer_cave, mainiacjoe_swamp_entry_lozenge_pond,
          dummy_snake_entry, minivault_11
Lair:3:   layout_roguey [special_room_bee], minmay_shattered_shrine, uniq_nessos
Lair:4:   layout_big_grid, portal_ice_cave_entry_pillars_1, serial_bayou_pond_a,
          grunt_megastairs_4, infiniplex_staircase_pool_2
Lair:5:   evil_forest, layout_cave_pods, nicolae_slime_entry_field_trip,
          serial_bayou_pond_d, grunt_forest_small_clearing_treed,
          grunt_megastairs_1
Swamp:1:  layout_falls_marsh, serial_swamp_ruin, evilmike_swamp_ruin_house_1,
          evilmike_swamp_ruin_house_5, swamp_pool_4, hangedman_swamp_pad
Swamp:2:  layout_falls_marsh, evilmike_swamp_ruin_house_2
Swamp:3:  layout_falls_marsh, nicolae_swamp_orc_logging_accident, swamp_pool_1_2
Swamp:4:  swamp_fiery, layout_basic_swamp, uniq_nikola
Snake:1:  layout_gridlike, serial_shops, shop, nicolae_snake_mages_go_home
Snake:2:  nicolae_snake_hallway, layout_gridlike, grunt_megastairs_2,
          serial_bayou_shore_b, minmay_shop_star, uniq_vashnia
Snake:3:  onia_ninara_swampy_vault, layout_misc_corridors, serial_shops,
          nicolae_diamond_shop, lemuel_fruit_tree
Snake:4:  grunt_snake_rune_pools, layout_misc_corridors, minmay_snake_pond
Slime:1:  layout_caves
Slime:2:  layout_caves
Slime:3:  cheibrodos_slime_lost_civilization_10, layout_caves
Slime:4:  layout_caves, nicolae_slime_crime_time
Slime:5:  slime_pit_nicolae_jellycorners
Orc:1:    layout_caves, basic_altar
Orc:2:    st_orc_ogre_mass, layout_caves, serial_shops, shop, basic_altar,
          elves_outpost_lemuel, uniq_saint_roka
Elf:1:    nicolae_elf_arrival_aired_out, layout_gridlike,
          minmay_elf_annihilation, lemuel_upstairs_altar, uniq_agnes
Elf:2:    nicolae_elf_blades_splatter_lattice [grunt_blade_entry_basic],
          layout_geoelf_octagon, serial_shops, shop_statue,
          nicolae_elf_deep_mausoleum, uniq_aizul
Elf:3:    nooodl_elf_gasket, layout_onion_city, serial_shops,
          nicolae_shop_tiny_glass, nicolae_shop_dragon_depot
Vaults:1: hangedman_vaults_capsules, v_misc_4, nicolae_vaults_network_barrier,
          v_rooms_6, nicolae_vaults_windows_and_doors_thing,
          nicolae_vaults_diamond_2, v_misc_19, st_check,
          vaults_room_fancy_cross, vaults_room_fours, layout_vaults_maze_snakey,
          serial_shops, nicolae_lakefront_shop, shop,
          nicolae_shop_pleasant_corner_grove
Vaults:2: v_misc_11, v_misc_3, minmay_crypt_entry_simple_statues,
          nicolae_vaults_offset_grid_hallway_2, nicolae_vaults_yaktaur_gun_rack,
          nicolae_vaults_heist, vaults_dpeg_diagonal, vaults_room_fours,
          nicolae_vaults_closet_pinwheel_4, nicolae_vaults_meeting,
          v_alt_pattern_1, layout_vaults_omnibox, serial_shops, bzr_entry_islet
Vaults:3: hangedman_vaults_trim, nicolae_vaults_mini_display_case,
          nicolae_vaults_mush_room, serial_library_hellmonk_open_square,
          nicolae_vaults_network_square, grunt_vaults_swirl, minmay_orc_keep,
          nicolae_vaults_hallways_thing, vaults_dpeg_emergency_exit,
          nicolae_vaults_oval_intersection, v_misc_27, v_misc_14,
          layout_vaults_ring
Vaults:4: nicolae_vaults_diamond_2, nicolae_vaults_lightning_bolt, v_misc_33,
          nicolae_vaults_asterisk, nicolae_vaults_double_plus_1,
          nicolae_vaults_shelves_hall, v_misc_14,
          nicolae_vaults_heart-shaped_vault, nicolae_vaults_wine_cellar,
          nicolae_vaults_house_1, ontoclasm_vaults_decontamination,
          vaults_mumra_hex, layout_vaults_omnigrid, uniq_donald, uniq_boris,
          uniq_zenata
Vaults:5: serial_shops
Crypt:1:  layout_misc_corridors, ebering_ghost_rock_garden,
          lemuel_nasty_fountain, grunt_crypt_arrival_split, uniq_grunn
Crypt:2:  layout_gridlike, grunt_megastairs_3
Crypt:3:  evilmike_haunted_forest
Tomb:1
Depths:1: minmay_the_grid_octo_triangle [minmay_the_grid_octo_checkered,
          minmay_the_grid_octo_prize_square_snowflake,
          minmay_the_grid_octo_clover], layout_cave_shapes, enter_ziggurat_f,
          grunt_mini_vestibule, hangedman_research_pyrotechnics,
          minmay_shoptagon
Depths:2: kennysheep_water_balloons, layout_basic, serial_curves,
          eino_curves_02, eino_curves_04, eino_curves_04, eino_curves_03,
          grunt_pan_entry_spiral, hell_entry, uniq_enchantress
Depths:3: regret_index_uskayaw_diablada_macabre, layout_cave_pools,
          bh_walls_and_bars, minmay_room_of_horrors, hell_entry
Depths:4: grunt_zot_entry_gee_three, layout_long_grid, hangedman_coc_ice_floe,
          serial_sigils_hangedman_etch, serial_sigils,
          serial_sigils_hangedman_scratch, serial_sigils_hangedman_confine,
          serial_sigils_hangedman_leer, serial_sigils_hangedman_writhe,
          lightli_minifort
Hell
Coc:1:    layout_cocytus_water_paths
Coc:2:    layout_ice_bergs
Zot:1:    infiniplex_zot_generator, layout_basic,
          regret_index_zotdec_gossamer_parallel, basic_altar,
          amcnicky_altar_lugonu_corruption

Skill      XL: |  1  2  3  4  5  6  7  8  9 10 11 12 13 14 15 16 17 18 19 20 21 22 23 24 25 26 |
---------------+-------------------------------------------------------------------------------+-----
Armour         | 2 3 4 5 6 7 9 10 12 13 14 15 16 17 18 19 20 21 22 23 24 | 24.1
Polearms       | 3 4 5 6 7 8 9 10 11 12 13 14 15 16 17 18 19 20 21 | 21.2
Shields        | 1 2 3 4 5 6 7 8 9 10 11 12 13 14 15 16 17 | 17.7
Fighting       | 4 5 6 7 9 10 12 13 14 16 17 18 19 20 21 22 23 24 25 26 | 26.2
Evocations     | 1 6 9 11 13 14 15 | 15.6
Dodging        | |  1.7

Action                     |  1- 3 |  4- 6 |  7- 9 | 10-12 | 13-15 | 16-18 | 19-21 | 22-24 | 25-27 || total
---------------------------+-------+-------+-------+-------+-------+-------+-------+-------+-------++-------
  Melee: Spear             |   126 |   204 |    32 |   551 |       |       |       |       |       ||   913
         Kick              |    10 |    51 |    73 |   226 |       |   207 |   311 |   458 |   242 ||  1578
         Punch             |       |     1 |       |       |       |       |       |       |       ||     1
         Halberd           |       |       |   267 |   200 |       |       |       |       |       ||   467
         Demon trident     |       |       |       |    94 |  1449 |   877 |  1026 |  1268 |   745 ||  5459
  Throw: Javelin           |       |       |       |       |       |       |    14 |       |       ||    14
 Invoke: Berserk           |     1 |     6 |     3 |    14 |     7 |     1 |       |       |     1 ||    33
         Trog's Hand       |       |       |     1 |       |       |       |       |     1 |     1 ||     3
         Brothers in Arms  |       |       |       |       |     4 |       |     1 |     5 |    11 ||    21
  Evoke: Wand              |       |       |       |     7 |    36 |     7 |     5 |    31 |    21 ||   107
         Lightning rod     |       |       |       |       |     1 |     2 |     1 |     3 |     6 ||    13
         Phantom mirror    |       |       |       |       |       |     1 |     1 |     1 |     3 ||     6
         Condenser vane    |       |       |       |       |       |       |       |     2 |     3 ||     5
         Phial of floods   |       |       |       |       |       |       |       |       |     3 ||     3
         Sack of spiders   |       |       |       |       |       |       |       |       |     2 ||     2
    Use: Scroll            |     5 |    11 |    10 |     5 |    15 |     6 |    11 |    31 |    24 ||   118
         Potion            |       |       |     2 |     4 |    12 |     7 |     8 |    23 |     7 ||    63
   Stab: Sleeping          |     7 |       |       |       |       |       |       |       |     6 ||    13
         Fleeing           |       |       |     1 |       |       |       |       |       |       ||     1
         Invisible         |       |       |       |     1 |     4 |     4 |     1 |     1 |       ||    11
         Petrified         |       |       |       |       |     2 |       |       |       |       ||     2
         Distracted        |       |       |       |       |     5 |    17 |    27 |    25 |    23 ||    97
         Paralysed         |       |       |       |       |       |       |       |     1 |     2 ||     3
 Armour: Animal skin       |    27 |       |       |       |       |       |       |       |       ||    27
         Chain mail        |    18 |    46 |       |       |       |       |       |       |       ||    64
         Plate armour      |       |   128 |   410 |   704 |   769 |   352 |   294 |   397 |   171 ||  3225
         Skin              |       |       |       |       |     2 |       |       |       |       ||     2
         Fire dragon scale |       |       |       |       |       |     2 |       |       |       ||     2
         Pearl dragon scal |       |       |       |       |       |       |       |    26 |   170 ||   196
  Dodge: Dodged            |    44 |    57 |   134 |   198 |   185 |    70 |    99 |   125 |    81 ||   993
  Block: Other             |       |     8 |    47 |    34 |       |       |       |       |       ||    89
         Buckler           |       |       |       |   491 |   140 |       |       |       |       ||   631
         Reflection        |       |       |       |     2 |    56 |    79 |    66 |    85 |    35 ||   323
         Tower shield      |       |       |       |       |  1474 |       |       |       |       ||  1474
         Kite shield       |       |       |       |       |   166 |   557 |   528 |   690 |   464 ||  2405

Table legend: (Time is in decaauts)
 A = Elapsed time spent in this place.
 B = Non-inter-level travel time spent in this place.
 C = Inter-level travel time spent in this place.
 D = Time resting spent in this place.
 E = Time spent auto-exploring this place.
 F = Levels seen in this place.
 G = Mean time per level.
                   A        B        C        D        E       F      G
               +--------+--------+--------+--------+--------+-----+--------+
         Total | 141559 | 130731 |  10828 |  57068 |  55515 |  58 | 2440.7 |
       Dungeon |  22885 |  18718 |   4167 |   3253 |  12627 |  15 | 1525.7 |
          Lair |   9670 |   7857 |   1813 |   1671 |   4286 |   5 | 1934.0 |
         Swamp |  12620 |  12242 |    378 |   7881 |   3264 |   4 | 3155.0 |
     Snake Pit |  11310 |  10646 |    664 |   4573 |   5009 |   4 | 2827.5 |
    Slime Pits |   9477 |   9122 |    355 |   4633 |   2393 |   5 | 1895.4 |
  Orcish Mines |   5539 |   4842 |    697 |   2407 |   1631 |   2 | 2769.5 |
   Elven Halls |  10840 |  10317 |    523 |   4588 |   4604 |   3 | 3613.3 |
        Vaults |  17856 |  16976 |    880 |   6643 |   8129 |   5 | 3571.2 |
         Crypt |  11533 |  10881 |    652 |   3625 |   6009 |   3 | 3844.3 |
          Tomb |   4317 |   4317 |      0 |   2875 |    883 |   1 | 4317.0 |
        Depths |  18416 |  17726 |    690 |  11121 |   4854 |   4 | 4604.0 |
          Hell |   1574 |   1572 |      2 |    539 |    679 |   1 | 1574.0 |
       Cocytus |    378 |    377 |      1 |    296 |      0 |   2 |  189.0 |
           Zot |   2837 |   2837 |      0 |   1935 |    694 |   1 | 2837.0 |
        Bazaar |    180 |    180 |      0 |     96 |     18 |   1 |  180.0 |
      Ice Cave |   1444 |   1444 |      0 |    727 |    304 |   1 | 1444.0 |
      Gauntlet |    677 |    677 |      0 |    200 |    129 |   1 |  677.0 |
               +--------+--------+--------+--------+--------+-----+--------+

Top non-repeatable levels by time:
Depths:1: 7183 daAuts
 Crypt:3: 6190 daAuts
Vaults:5: 5794 daAuts
Depths:4: 5140 daAuts
   Elf:3: 4956 daAuts
 Swamp:4: 4898 daAuts
Depths:2: 4552 daAuts
 Snake:4: 4433 daAuts
  Tomb:1: 4317 daAuts
 Swamp:3: 3743 daAuts
    D:14: 3604 daAuts
   Elf:2: 3509 daAuts
Vaults:1: 3425 daAuts
Vaults:3: 3351 daAuts
 Slime:5: 3253 daAuts

Levels and vault maps discovered:
D:1:      dpeg_arrival_rhombi, layout_loops_ring
D:2:      layout_rooms, basic_altar, serial_bayou_ford_a,
          ebering_dispersal_statue_hall, uniq_robin, uniq_natasha, uniq_jessica
D:3:      layout_loops_ring, zin_academy, serial_undead, serial_undead_d,
          serial_undead_a, serial_undead_d, serial_undead_f,
          hellmonk_ecumenical_altar_blasted, minmay_misc_feat_ornament,
          minmay_box_of_dots, uniq_crazy_yiuf_cottage
D:4:      layout_cave_pools, minitemple, uniq_sigmund, uniq_duvessa
D:5:      layout_layer_cave, gammafunk_ghost_stat_death
D:6:      layout_cave_pods, marbit_many_paths, temple_fountains, uniq_maggie,
          uniq_edmund, uniq_menkaure
D:7:      kennysheep_housing_project, layout_basic, lemuel_round_altar,
          hangedman_decor_riveting, minmay_fractal_squares_gapless_5
D:8:      layout_basic, nicolae_fountain_basement
D:9:      lemuel_ice_spiral_2, layout_basic, lemuel_doored_altar,
          nicolae_concentric_dashed_squares_wild
D:10:     minmay_opposing_rooms, layout_layer_cave, grunt_gozag_statues,
          chequers_temple_overflow_statue_of_worship,
          mainiacjoe_overflow_boulevard
D:11:     layout_rooms, erik_lair_dragon, uniq_josephine
D:12:     nooodl_glass_maze, layout_stronghold, david_orc_2, uniq_urug,
          uniq_maurice
D:13:     layout_grid_maze, serial_shops, nicolae_diamond_shop,
          gauntlet_entry_generic, nicolae_ru_path_of_blood
D:14:     layout_layer_cave, david_vaults_5, kennysheep_path_1, serial_glass,
          glass_columns_a, glass_columns_a, glass_columns_a, glass_columns_c,
          glass_columns_b, glass_columns_a, glass_columns_a, glass_columns_a
D:15:     grunt_enter_depths_snipers, layout_long_grid, minmay_misc_feat_doors
Lair:1:   dreamdust_cave_troll, layout_regular_city, minivault_23,
          serial_bayou_shore_a
Lair:2:   layout_layer_cave, mainiacjoe_swamp_entry_lozenge_pond,
          dummy_snake_entry, minivault_11
Lair:3:   layout_roguey [special_room_bee], minmay_shattered_shrine, uniq_nessos
Lair:4:   layout_big_grid, portal_ice_cave_entry_pillars_1, serial_bayou_pond_a,
          grunt_megastairs_4, infiniplex_staircase_pool_2
Lair:5:   evil_forest, layout_cave_pods, nicolae_slime_entry_field_trip,
          serial_bayou_pond_d, grunt_forest_small_clearing_treed,
          grunt_megastairs_1
Swamp:1:  layout_falls_marsh, serial_swamp_ruin, evilmike_swamp_ruin_house_1,
          evilmike_swamp_ruin_house_5, swamp_pool_4, hangedman_swamp_pad
Swamp:2:  layout_falls_marsh, evilmike_swamp_ruin_house_2
Swamp:3:  layout_falls_marsh, nicolae_swamp_orc_logging_accident, swamp_pool_1_2
Swamp:4:  swamp_fiery, layout_basic_swamp, uniq_nikola
Snake:1:  layout_gridlike, serial_shops, shop, nicolae_snake_mages_go_home
Snake:2:  nicolae_snake_hallway, layout_gridlike, grunt_megastairs_2,
          serial_bayou_shore_b, minmay_shop_star, uniq_vashnia
Snake:3:  onia_ninara_swampy_vault, layout_misc_corridors, serial_shops,
          nicolae_diamond_shop, lemuel_fruit_tree
Snake:4:  grunt_snake_rune_pools, layout_misc_corridors, minmay_snake_pond
Slime:1:  layout_caves
Slime:2:  layout_caves
Slime:3:  cheibrodos_slime_lost_civilization_10, layout_caves
Slime:4:  layout_caves, nicolae_slime_crime_time
Slime:5:  slime_pit_nicolae_jellycorners
Orc:1:    layout_caves, basic_altar
Orc:2:    st_orc_ogre_mass, layout_caves, serial_shops, shop, basic_altar,
          elves_outpost_lemuel, uniq_saint_roka
Elf:1:    nicolae_elf_arrival_aired_out, layout_gridlike,
          minmay_elf_annihilation, lemuel_upstairs_altar, uniq_agnes
Elf:2:    nicolae_elf_blades_splatter_lattice [grunt_blade_entry_basic],
          layout_geoelf_octagon, serial_shops, shop_statue,
          nicolae_elf_deep_mausoleum, uniq_aizul
Elf:3:    nooodl_elf_gasket, layout_onion_city, serial_shops,
          nicolae_shop_tiny_glass, nicolae_shop_dragon_depot
Vaults:1: hangedman_vaults_capsules, v_misc_4, nicolae_vaults_network_barrier,
          v_rooms_6, nicolae_vaults_windows_and_doors_thing,
          nicolae_vaults_diamond_2, v_misc_19, st_check,
          vaults_room_fancy_cross, vaults_room_fours, layout_vaults_maze_snakey,
          serial_shops, nicolae_lakefront_shop, shop,
          nicolae_shop_pleasant_corner_grove
Vaults:2: v_misc_11, v_misc_3, minmay_crypt_entry_simple_statues,
          nicolae_vaults_offset_grid_hallway_2, nicolae_vaults_yaktaur_gun_rack,
          nicolae_vaults_heist, vaults_dpeg_diagonal, vaults_room_fours,
          nicolae_vaults_closet_pinwheel_4, nicolae_vaults_meeting,
          v_alt_pattern_1, layout_vaults_omnibox, serial_shops, bzr_entry_islet
Vaults:3: hangedman_vaults_trim, nicolae_vaults_mini_display_case,
          nicolae_vaults_mush_room, serial_library_hellmonk_open_square,
          nicolae_vaults_network_square, grunt_vaults_swirl, minmay_orc_keep,
          nicolae_vaults_hallways_thing, vaults_dpeg_emergency_exit,
          nicolae_vaults_oval_intersection, v_misc_27, v_misc_14,
          layout_vaults_ring
Vaults:4: nicolae_vaults_diamond_2, nicolae_vaults_lightning_bolt, v_misc_33,
          nicolae_vaults_asterisk, nicolae_vaults_double_plus_1,
          nicolae_vaults_shelves_hall, v_misc_14,
          nicolae_vaults_heart-shaped_vault, nicolae_vaults_wine_cellar,
          nicolae_vaults_house_1, ontoclasm_vaults_decontamination,
          vaults_mumra_hex, layout_vaults_omnigrid, uniq_donald, uniq_boris,
          uniq_zenata
Vaults:5: serial_shops
Crypt:1:  layout_misc_corridors, ebering_ghost_rock_garden,
          lemuel_nasty_fountain, grunt_crypt_arrival_split, uniq_grunn
Crypt:2:  layout_gridlike, grunt_megastairs_3
Crypt:3:  evilmike_haunted_forest
Tomb:1
Depths:1: minmay_the_grid_octo_triangle [minmay_the_grid_octo_checkered,
          minmay_the_grid_octo_prize_square_snowflake,
          minmay_the_grid_octo_clover], layout_cave_shapes, enter_ziggurat_f,
          grunt_mini_vestibule, hangedman_research_pyrotechnics,
          minmay_shoptagon
Depths:2: kennysheep_water_balloons, layout_basic, serial_curves,
          eino_curves_02, eino_curves_04, eino_curves_04, eino_curves_03,
          grunt_pan_entry_spiral, hell_entry, uniq_enchantress
Depths:3: regret_index_uskayaw_diablada_macabre, layout_cave_pools,
          bh_walls_and_bars, minmay_room_of_horrors, hell_entry
Depths:4: grunt_zot_entry_gee_three, layout_long_grid, hangedman_coc_ice_floe,
          serial_sigils_hangedman_etch, serial_sigils,
          serial_sigils_hangedman_scratch, serial_sigils_hangedman_confine,
          serial_sigils_hangedman_leer, serial_sigils_hangedman_writhe,
          lightli_minifort
Hell
Coc:1:    layout_cocytus_water_paths
Coc:2:    layout_ice_bergs
Zot:1:    infiniplex_zot_generator, layout_basic,
          regret_index_zotdec_gossamer_parallel, basic_altar,
          amcnicky_altar_lugonu_corruption

Table legend: (Time is in decaauts)
 A = Elapsed time spent in this place.
 B = Non-inter-level travel time spent in this place.
 C = Inter-level travel time spent in this place.
 D = Time resting spent in this place.
 E = Time spent auto-exploring this place.
 F = Levels seen in this place.
 G = Mean time per level.
                   A        B        C        D        E       F      G
               +--------+--------+--------+--------+--------+-----+--------+
         Total | 141559 | 130731 |  10828 |  57068 |  55515 |  58 | 2440.7 |
       Dungeon |  22885 |  18718 |   4167 |   3253 |  12627 |  15 | 1525.7 |
          Lair |   9670 |   7857 |   1813 |   1671 |   4286 |   5 | 1934.0 |
         Swamp |  12620 |  12242 |    378 |   7881 |   3264 |   4 | 3155.0 |
     Snake Pit |  11310 |  10646 |    664 |   4573 |   5009 |   4 | 2827.5 |
    Slime Pits |   9477 |   9122 |    355 |   4633 |   2393 |   5 | 1895.4 |
  Orcish Mines |   5539 |   4842 |    697 |   2407 |   1631 |   2 | 2769.5 |
   Elven Halls |  10840 |  10317 |    523 |   4588 |   4604 |   3 | 3613.3 |
        Vaults |  17856 |  16976 |    880 |   6643 |   8129 |   5 | 3571.2 |
         Crypt |  11533 |  10881 |    652 |   3625 |   6009 |   3 | 3844.3 |
          Tomb |   4317 |   4317 |      0 |   2875 |    883 |   1 | 4317.0 |
        Depths |  18416 |  17726 |    690 |  11121 |   4854 |   4 | 4604.0 |
          Hell |   1574 |   1572 |      2 |    539 |    679 |   1 | 1574.0 |
       Cocytus |    378 |    377 |      1 |    296 |      0 |   2 |  189.0 |
           Zot |   2837 |   2837 |      0 |   1935 |    694 |   1 | 2837.0 |
        Bazaar |    180 |    180 |      0 |     96 |     18 |   1 |  180.0 |
      Ice Cave |   1444 |   1444 |      0 |    727 |    304 |   1 | 1444.0 |
      Gauntlet |    677 |    677 |      0 |    200 |    129 |   1 |  677.0 |
               +--------+--------+--------+--------+--------+-----+--------+

Top non-repeatable levels by time:
Depths:1: 7183 daAuts
 Crypt:3: 6190 daAuts
Vaults:5: 5794 daAuts
Depths:4: 5140 daAuts
   Elf:3: 4956 daAuts
 Swamp:4: 4898 daAuts
Depths:2: 4552 daAuts
 Snake:4: 4433 daAuts
  Tomb:1: 4317 daAuts
 Swamp:3: 3743 daAuts
    D:14: 3604 daAuts
   Elf:2: 3509 daAuts
Vaults:1: 3425 daAuts
Vaults:3: 3351 daAuts
 Slime:5: 3253 daAuts

Table legend:
 A = Kills in this place as a percentage of kills in the entire game.
 B = Kills by you in this place as a percentage of kills by you in the entire game.
 C = Kills by friends in this place as a percentage of kills by friends in the entire game.
 D = Other kills in this place as a percentage of other kills in the entire game.
 E = Experience gained in this place as a percentage of experience gained in the entire game.
 F = Experience gained in this place divided by the number of levels of this place that you have seen.
                   A       B       C       D       E      F
               +-------+-------+-------+-------+-------+----------------------
         Total | 100.0 | 100.0 | 100.0 |   N/A | 100.0 | 24492.9
       Dungeon |  18.5 |  18.7 |   0.0 |   N/A |   4.7 | 4472.2
          Lair |   8.3 |   8.3 |  14.3 |   N/A |   4.1 | 11545.8
         Swamp |   5.2 |   5.2 |   0.0 |   N/A |   5.3 | 18848.8
     Snake Pit |   9.1 |   9.2 |   0.0 |   N/A |   9.4 | 33519.0
    Slime Pits |   5.4 |   5.5 |   0.0 |   N/A |   5.6 | 15942.4
  Orcish Mines |   4.0 |   4.0 |   0.0 |   N/A |   2.2 | 15548.5
   Elven Halls |   7.5 |   7.6 |   0.0 |   N/A |  10.9 | 51755.7
        Vaults |  15.3 |  15.2 |  25.0 |   N/A |  23.1 | 65537.0
         Crypt |   8.9 |   8.6 |  35.7 |   N/A |  10.3 | 48570.0
          Tomb |   2.2 |   2.2 |   0.0 |   N/A |   2.8 | 40276.0
        Depths |   9.6 |   9.7 |   0.0 |   N/A |  14.8 | 52442.8
          Hell |   1.4 |   1.3 |  14.3 |   N/A |   1.6 | 23187.0
       Cocytus |   0.7 |   0.6 |  10.7 |   N/A |   1.1 | 7476.5
           Zot |   1.5 |   1.5 |   0.0 |   N/A |   3.2 | 45682.0
      Ice Cave |   2.0 |   2.0 |   0.0 |   N/A |   0.7 | 10104.0
      Gauntlet |   0.4 |   0.4 |   0.0 |   N/A |   0.2 | 2863.0
               +-------+-------+-------+-------+-------+----------------------
